 Dungeon Crawl Stone Soup version 0.28.0-53-g5a82cb258f (webtiles) character file.

Game seed: 767384304530273290

11140273 SHADDY the Intangible (level 27, 232/232 HPs)
             Began as a Deep Dwarf Fighter on July 9, 2022.
             Was a High Priest of Jiyva.
             Escaped with the Orb
             ... and 10 runes!
             The game lasted 02:44:31 (62813 turns).

SHADDY the Intangible (Deep Dwarf Fighter)         Turns: 62813, Time: 02:44:31

Health: 232/232    AC: 45    Str: 31    XL:     27
Magic:  2/2        EV: 32    Int: 10    God:    Jiyva [*****.]
Gold:   6922       SH: 31    Dex: 23    Spells: 26/26 levels left

rFire   + + +      SeeInvis .   w - +8 war axe of the Doomed Warrior {holy, rC+ Will+}
rCold   + + +      Faith    .   r - +2 shield of Resistance {rF++ rC++ Will++}
rNeg    + . .      Spirit   .   g - +6 plate armour of Blue Skies {Rampage rPois Slay+2}
rPois   +          Reflect  +   h - +2 helmet
rElec   +          Harm     .   B - +4 dragonskin cloak
rCorr   +          Rampage  ∞   x - +0 pair of fencer's gloves {Riposte Dex+3}
Will    +++++                   a - +3 pair of seven-league boots {Rampage+∞}
Stlth   ..........              y - amulet of reflection
HPRegen 1.44/turn               j - ring "Niukiuli" {Will+ EV+4 Dex+4}
MPRegen 0.53/turn               i - ring of the Thieving Jester {rElec rC+ rCorr Str+4}

@: mighty, brilliant, flying, invisible
A: damage resistance, heal wounds, negative energy resistance 1, sense
surroundings 3, no regeneration, hooves 1, iridescent scales 1, large bone
plates 1, deformed body, deterioration 1, fire resistance 1, frail 2, passive
freeze, poison resistance, screaming 1, shaggy fur 2, weak 1, acidic bite,
translucent skin 3, jelly absorbing missiles, no potion heal 1
0: Orb of Zot
}: 10/15 runes: decaying, serpentine, slimy, silver, abyssal, demonic, glowing,
magical, fiery, dark
a: Heal Wounds, Renounce Religion, Oozemancy, Slimify


You escaped.
You worshipped Jiyva.
Jiyva was extremely pleased with you.
You visited 12 branches of the dungeon, and saw 57 of its levels.
You visited Pandemonium 1 time, and saw 14 of its levels.
You visited the Abyss 3 times.
You also visited: Gauntlet and Volcano.

You collected 9248 gold pieces.
You spent 2326 gold pieces at shops.

Inventory:

Hand Weapons
 v - a +4 vampiric war axe
 w - the +8 war axe of the Doomed Warrior (weapon) {holy, rC+ Will+}
   (You took it off a deep elf annihilator on level 3 of the Elven Halls)

   It has been blessed by the Shining One to cause great damage to the undead
   and demons.
   rC:        It protects you from cold.
   Will:      It increases your willpower.
 G - the +7 war axe of Calculation {freeze, Will+ Str+4}
   (You found it on level 3 of the Elven Halls)

   It freezes those it strikes, dealing additional cold damage.
   It can also slow down cold-blooded creatures.
   Str:       It affects your strength (+4).
   Will:      It increases your willpower.
Armour
 a - the +3 pair of seven-league boots (worn) {Rampage+∞}
   (You found it on level 4 of the Realm of Zot)

   Its wearer moves as far as possible in that direction when moving towards
   enemies.
 g - the +6 plate armour of Blue Skies (worn) {Rampage rPois Slay+2}
   (You found it in a Gauntlet)

   Slay:      It affects your accuracy & damage with ranged weapons and melee
   (+2).
   rPois:     It protects you from poison.
   Rampage:   It bestows one free step when moving towards enemies.
 h - a +2 helmet (worn)
 r - the +2 shield of Resistance (worn) {rF++ rC++ Will++}
   (You found it on level 5 of the Vaults)

   rF:        It greatly protects you from fire.
   rC:        It greatly protects you from cold.
   Will:      It greatly increases your willpower.
 x - the +0 pair of fencer's gloves (worn) {Riposte Dex+3}
   (You found it on level 2 of the Swamp)

   It allows the wearer to riposte with melee weapons, swiftly retaliating
   against missed attacks.
   Dex:       It affects your dexterity (+3).
 B - the +4 dragonskin cloak (worn)
   (You took it off Tiamat on level 3 of the Realm of Zot)

   It grants the wearer a chance to resist fire, cold, poison, electricity,
   acid, and negative energy.
Jewellery
 i - the ring of the Thieving Jester (right hand) {rElec rC+ rCorr Str+4}
   (You took it off a deep elf high priest on level 3 of the Elven Halls)

   [ring of resist corrosion]

   Str:       It affects your strength (+4).
   rC:        It protects you from cold.
   rElec:     It insulates you from electricity.
   rCorr:     It protects you from acid and corrosion.
 j - the ring "Niukiuli" (left hand) {Will+ EV+4 Dex+4}
   (You found it in Pandemonium)

   [ring of evasion]

   EV:        It affects your evasion (+4).
   Dex:       It affects your dexterity (+4).
   Will:      It increases your willpower.
 y - an amulet of reflection (around neck)
Wands
 c - a wand of mindburst (21)
Scrolls
 l - 16 scrolls of teleportation
 s - 2 scrolls of magic mapping
 u - 6 scrolls of fear
 H - 5 scrolls of summoning
 K - 3 scrolls of holy word
 M - 4 scrolls of blinking
 N - 6 scrolls of fog
 O - 7 scrolls of enchant armour
 P - a scroll of amnesia
 U - 2 scrolls of silence
Potions
 b - 6 potions of cancellation
 d - 6 potions of might
 k - 3 potions of berserk rage
 m - a potion of mutation
 n - 4 potions of ambrosia
 p - 5 potions of haste
 q - 18 potions of curing
 z - a potion of resistance
 E - 2 potions of invisibility
 I - 3 potions of heal wounds
 R - 5 potions of brilliance
 W - 3 potions of lignification
 Z - 4 potions of magic


   Skills:
 + Level 25.2 Fighting
 + Level 24.1 Axes
 - Level 11.7 Staves
 O Level 27 Armour
 O Level 27 Dodging
 O Level 27 Shields


You had 26 spell levels left.
You didn't know any spells.
Your spell library contained the following spells:

 Spells                   Type           Power      Damage    Failure   Level
 Animate Skeleton         Necr           0%         N/A       69%         1
 Beastly Appendage        Tmut           0%         N/A       69%         1
 Magic Dart               Conj           0%         1d3       69%         1
 Pain                     Necr           0%         1d4       69%         1
 Sandblast                Erth           0%         2d4       69%         1
 Sting                    Tmut/Pois      0%         1d3       69%         1
 Summon Small Mammal      Summ           0%         N/A       69%         1
 Call Imp                 Summ           0%         N/A       83%         2
 Passwall                 Tmut/Erth      0%         N/A       83%         2
 Scorch                   Fire           0%         2d5       83%         2
 Searing Ray              Conj           0%         2d4       83%         2
 Static Discharge         Conj/Air       0%         N/A       83%         2
 Call Canine Familiar     Summ           0%         N/A       96%         3
 Conjure Flame            Conj/Fire      0%         6-21      96%         3
 Dazzling Flash           Conj/Hex       0%         N/A       96%         3
 Gell's Gravitas          Tloc           0%         N/A       96%         3
 Ignite Poison            Fire/Tmut/Pois 0%         N/A       96%         3
 Inner Flame              Hex/Fire       0%         N/A       96%         3
 Mephitic Cloud           Conj/Pois/Air  0%         N/A       96%         3
 Ozocubu's Armour         Ice            0%         N/A       96%         3
 Portal Projectile        Hex/Tloc       0%         N/A       96%         3
 Stone Arrow              Conj/Erth      0%         3d7       96%         3
 Summon Guardian Golem    Hex/Summ       0%         N/A       96%         3
 Teleport Other           Tloc           0%         N/A       96%         3
 Tukima's Dance           Hex            0%         N/A       96%         3
 Vampiric Draining        Necr           0%         2d6       96%         3
 Airstrike                Air            0%         N/A       100%        4
 Animate Armour           Summ/Erth      0%         N/A       100%        4
 Cause Fear               Hex            0%         N/A       100%        4
 Dispel Undead            Necr           0%         3d6       100%        4
 Flame Wave               Conj/Fire      0%         2d4       100%        4
 Fulminant Prism          Conj/Hex       0%         3d6       100%        4
 Hailstorm                Conj/Ice       0%         3d3       100%        4
 Ice Form                 Ice/Tmut       0%         N/A       100%        4
 Iskenderun's Mystic Bla  Conj/Tloc      0%         2d3       100%        4
 Leda's Liquefaction      Hex/Erth       0%         N/A       100%        4
 Passage of Golubria      Tloc           0%         N/A       100%        4
 Petrify                  Tmut/Erth      0%         N/A       100%        4
 Sticky Flame             Conj/Fire      0%         2d3       100%        4
 Summon Lightning Spire   Summ/Air       0%         N/A       100%        4
 Agony                    Necr           0%         N/A       100%        5
 Blade Hands              Tmut           0%         N/A       100%        5
 Borgnjor's Vile Clutch   Necr/Erth      0%         N/A       100%        5
 Fireball                 Conj/Fire      0%         3d3       100%        5
 Freezing Cloud           Conj/Ice/Air   0%         6-21      100%        5
 Irradiate                Conj/Tmut      0%         3d13      100%        5
 Iskenderun's Battlesphe  Conj           0%         2d6       100%        5
 Lee's Rapid Deconstruct  Erth           0%         3d5*      100%        5
 Lightning Bolt           Conj/Air       0%         1d11      100%        5
 Silence                  Hex/Air        0%         N/A       100%        5
 Summon Forest            Summ/Tloc      0%         N/A       100%        5
 Yara's Violent Unravell  Hex/Tmut       0%         3d3       100%        5
 Conjure Ball Lightning   Conj/Air       0%         3x3d6     100%        6
 Death Channel            Necr           0%         N/A       100%        6
 Dispersal                Tloc           0%         N/A       100%        6
 Eringya's Noxious Bog    Tmut/Pois      0%         N/A       100%        6
 Simulacrum               Ice/Necr       0%         N/A       100%        6
 Starburst                Conj/Fire      0%         6d3       100%        6
 Summon Cactus Giant      Summ           0%         N/A       100%        6
 Dragon Form              Tmut           0%         N/A       100%        7
 Haunt                    Necr/Summ      0%         N/A       100%        7
 Malign Gateway           Summ/Tloc      0%         N/A       100%        7
 Orb of Destruction       Conj           0%         9d5       100%        7
 Ozocubu's Refrigeration  Ice            0%         4d5       100%        7
 Spellforged Servitor     Conj/Summ      0%         N/A       100%        7
 Storm Form               Tmut/Air       0%         N/A       100%        7
 Summon Hydra             Summ           0%         N/A       100%        7
 Borgnjor's Revivificati  Necr           0%         N/A       100%        8
 Discord                  Hex            0%         N/A       100%        8
 Disjunction              Tloc           0%         N/A       100%        8
 Lehudib's Crystal Spear  Conj/Erth      0%         10d2      100%        8
 Maxwell's Capacitive Co  Air            0%         ∞         100%        8
 Summon Horrible Things   Summ           0%         N/A       100%        8
 Chain Lightning          Conj/Air       0%         N/A       100%        9


Dungeon Overview and Level Annotations

Branches:
Dungeon (15/15)            Temple (1/1) D:4            Lair (6/6) D:11
  Swamp (4/4) Lair:3        Snake (4/4) Lair:4        Slime (5/5) Lair:6
    Orc (2/2) D:10            Elf (3/3) Orc:2        Vaults (5/5) D:13
  Crypt (3/3) Vaults:3       Tomb (0/3) Crypt:3      Depths (4/4) D:15
    Zot (5/5) Depths:4    Volcano (visited)         Gauntlet (visited)

Altars:
Ashenzari
Cheibriados
Dithmenos
Elyvilon
Fedhas
Gozag
Hepliaklqana
Kikubaaqudgha
Makhleb
Nemelex Xobeh
Okawaru
Qazlal
Ru
Sif Muna
Trog
Uskayaw
Vehumet
Wu Jian
Xom
Yredelemnul
Zin
The Shining One
Jiyva

Shops:
D:4 [   D:5 *   D:9 :   Orc:2 =*[!=   Elf:2 ?   Elf:3 =   Snake:1 :
Vaults:1 *   Vaults:2 :   Vaults:4 :([   Depths:1 ?(

Portals:
Hell: Depths:1 Depths:2 Depths:3 Depths:4
Abyss: Depths:3 Depths:4
Pandemonium: Depths:1 Depths:2 Depths:3
Ziggurat: Depths:1
Trove: Vaults:4 (give +7 demon blade)

Annotations:
Slime:5 Royal Jelly
Elf:1 4 transporters
Depths:1 1 exclusion
Zot:1 3 runed translucent doors, Mikey69's ghost, legendary DsBe; stpyramids's ghost, legendary DDFi


Innate Abilities, Weirdness & Mutations

You are resistant to damage.
You can heal yourself by infusing magical energy.
You resist negative energy. (rN+)
You passively map a large area around you.
You do not regenerate.
You have large cloven feet.
You are partially covered in iridescent scales. (AC +2)
You are partially covered in large bone plates. (SH +4)
Armour fits poorly on your strangely shaped body.
Your body sometimes deteriorates upon taking damage.
Your flesh is heat resistant. (rF+)
You are very frail. (-20% HP)
A frigid envelope surrounds you and freezes all who hurt you.
Your system is resistant to poisons. (rPois)
You occasionally shout uncontrollably at your foes.
You are covered in thick fur. (AC +2)
You are weak. (Str -2)
You have acidic saliva.
Your transparent skin significantly reduces your foes' accuracy. (Stealth+)
You have a small jelly attached to you that may absorb projectiles.
Potions are less effective at restoring your health.


Message History

No target in view!
No target in view!
An Ice Fiend comes into view.
The Ice Fiend roars!
You stride towards the Ice Fiend!
You hit the Ice Fiend.
The Ice Fiend convulses.
The Ice Fiend is lightly wounded.
You block the Ice Fiend's attack. x2
You hit the Ice Fiend.
The Ice Fiend convulses.
The Ice Fiend is lightly wounded.
You hit the Ice Fiend but do no damage.
The Ice Fiend is lightly wounded.
You block the Ice Fiend's attack. x2
You barely miss the Ice Fiend.
The Ice Fiend is lightly wounded.
You block the Ice Fiend's attack. The Ice Fiend completely misses you.
You slice the Ice Fiend!!
The Ice Fiend convulses!!
Your bite misses the Ice Fiend.
The Ice Fiend is severely wounded.
You slice the Ice Fiend!!
The Ice Fiend convulses!!
You kill the Ice Fiend!
A hellion comes into view.
You stride towards the hellion!
You hit the hellion.
The hellion convulses.
The hellion is lightly wounded.
You slice the hellion!!
The hellion convulses!
The hellion is almost dead.
You slash the hellion!
You kill the hellion!
No target in view!
There is an open door here.
There is a staircase leading out of the dungeon here.
You feel very mighty all of a sudden.
You fade into invisibility!
You feel clever all of a sudden.
You feel very buoyant.
You fly up into the air.
Okay, then.
Unknown command.
There is a staircase leading out of the dungeon here.
You have escaped!

##....# #.##### #...##### ##....#
#.....# ###.# #####.# #..##.#
##+## #.# ###..##.### ##...## ###
#.# #.........# ##.....## #.###.#
#.##.########.......##
#'....####.##'#...###....>....###
.#.....)...###.....#+.........+..
.#....#⌠##.# #..@..##.........###
.##.#.###..###.....###.......##
#+...'###+.##'#...## ##.....##
###.##...####.###### ##...##
#.#.....#........# ##'######
#.#.....#####.#### #.##...##
#.#.....# #.# ######.#.....# #
#.##...## #.# #............. #
#.###########.####.###........#


There were no monsters in sight!

Vanquished Creatures
  Cerebov (Pan)
  5 pandemonium lords (Pan)
  Gloorx Vloq (Pan)
  A seraph (Pan)
  Mnoleg (Pan)
  Lom Lobon (Pan)
  Tiamat (Zot:3)
  3 dread liches
  10 orbs of fire
  3 ancient liches
  Mara (Snake:3)
  Mennas (Pan)
  3 juggernauts
  3 Killer Klowns (Zot:5)
  Bai Suzhen (Snake:3)
  A caustic shrike (Depths:4)
  Frederick (Crypt:2)
  Margery (Crypt:1)
  Xtahua (Crypt:3)
  Vashnia (Snake:3)
  Jory (Crypt:3)
  Nikola (Snake:4)
  A bone dragon (Abyss:1)
  14 golden dragons
  2 Tzitzimimeh (Pan)
  A hellephant (Vaults:1)
  An electric golem (Zot:5)
  5 Brimstone Fiends (Pan)
  The ghost of SHADDY the Invulnerable, an adept DDFi of Jiyva (Vaults:2)
  A shard shrike zombie (Crypt:3)
  Mlioglotl (Swamp:3)
  2 walking earthen tomes (Depths:4)
  4 Hell Sentinels
  15 tentacled monstrosities
  2 walking crystal tomes (Depths:4)
  6 Ice Fiends
  25 Orb Guardians (Zot:5)
  Asterion (Snake:4)
  5 titans
  12 liches
  A walking frostbound tome (Depths:4)
  13 quicksilver dragons
  A deep elf blademaster (Elf:3)
  19 Executioners
  5 tentacled starspawn
  Frances (Elf:1)
  7 death cobs
  5 ancient champions
  5 sphinxes
  7 tengu reavers
  An eldritch tentacle (Pan)
  3 thorn hunters
  Agnes (Elf:2)
  14 storm dragons
  4 shadow dragons
  15 nagarajas
  Kirke (Lair:4)
  2 revenants
  6 draconian monks
  5 demonspawn warmongers (Pan)
  11 fire giants
  6 draconian knights
  10 frost giants
  4 deep elf sorcerers
  14 daevas
  2 caustic shrike zombies
  5 iron dragons
  15 vault wardens
  21 cacodemons
  5 draconian scorchers
  29 balrugs (Pan)
  Louise (Swamp:2)
  2 ghost moths
  Aizul (Snake:3)
  5 deep elf elementalists
  4 draconian annihilators
  2 draconian stormcallers (Zot:2)
  10 ghouls
  4 curse skulls
  16 angels
  9 draconian shifters
  15 ironbound preservers
  The ghost of Bean the Eclecticist, an adept DEIE of Sif Muna (Swamp:2)
  3 war gargoyles (Vaults:5)
  A spriggan defender (Depths:4)
  30 very ugly things
  14 stone giants
  13 reapers
  2 caustic shrike skeletons
  6 demonspawn corrupters (Pan)
  3 demonspawn blood saints (Pan)
  15 ophanim
  28 vampire knights
  24 green draconians
  4 eleionomae
  3 ironbound thunderhulks
  11 apis (Pan)
  8 lorocyprocas (Pan)
  Nessos (Lair:4)
  5 deep elf demonologists
  13 black draconians
  13 dire elephants
  11 red draconians
  6 demonspawn black suns (Pan)
  15 yellow draconians
  15 purple draconians
  14 white draconians
  5 bunyips
  An entropy weaver (Vaults:4)
  15 deep elf annihilators
  5 spark wasps
  A minotaur (Gauntlet)
  A merfolk impaler (Depths:2)
  10 ettins
  8 deep elf death magi
  16 blizzard demons
  11 fire dragons
  5 eidola
  A shambling mangrove (Swamp:4)
  8 yaktaur captains
  13 green deaths
  10 deep elf high priests
  3 merfolk javelineers
  15 jiangshi
  12 rakshasas
  A quicksilver dragon skeleton (Crypt:1)
  36 hydras
  2 spriggan zombies
  29 vault guards
  4 salamander tyrants
  6 boulder beetles
  3 spriggan air magi
  3 hell beasts
  14 ice dragons
  2 fenstrider witch zombies
  2 ogre magi (Abyss:3)
  2 ghost crabs
  3 spriggan skeletons
  Erica (D:8)
  2 juggernaut simulacra (Pan)
  13 anacondas
  18 naga warriors
  11 ironbound frosthearts
  8 centaur warriors
  7 tengu warriors
  31 dancing weapons
  4 alligators
  3 death knights
  9 deep troll shamans (Depths:4)
  4 two-headed ogres
  9 deep troll earth magi
  2 hell hogs
  4 orc high priests (Orc:2)
  15 vampire magi
  11 deep elf knights
  Urug (Lair:3)
  26 naga sharpshooters
  8 thrashing horrors
  79 sun demons
  4 shock serpents
  13 soul eaters
  5 wretched stars
  A titan skeleton (Abyss:3)
  Sonja (Lair:1)
  4 spriggan berserkers
  31 hell knights
  2 fire crabs (Lair:6)
  9 iron trolls
  53 skeletal warriors
  10 salamander mystics
  7 shadow wraiths
  23 sixfirhies
  3 spatial maelstroms
  5 goliath frogs
  A sea snake (Snake:3)
  2 spriggan druids
  5 flayed ghosts
  An anaconda zombie (Crypt:2)
  7 shadow demons (Pan)
  52 deep trolls
  A shadow dragon zombie (Abyss:1)
  6 naga ritualists
  11 cherubim (Pan)
  A bunyip skeleton (Pan)
  9 bog bodies
  A steelbarb worm (shapeshifter) (Vaults:5)
  13 swamp dragons
  9 deep elf archers
  10 wizards
  20 phantasmal warriors
  A spriggan simulacrum (Depths:2)
  24 deep elf zephyrmancers
  10 ironbound convokers
  12 necromancers
  12 lindwurms
  4 orc knights
  2 anaconda skeletons (Crypt:1)
  A broodmother zombie (Crypt:3)
  23 deep elf pyromancers
  11 mana vipers
  2 shadow dragon skeletons
  18 ugly things
  A human zombie (Vaults:2)
  2 orc sorcerers
  15 moths of wrath
  2 worldbinders
  2 oklob plants
  A sphinx skeleton (Vaults:2)
  A will-o-the-wisp (Swamp:3)
  A goliath frog zombie (Crypt:1)
  A frost giant zombie (Depths:2)
  5 cyclopes
  23 salamanders
  A tengu skeleton (Vaults:2)
  A stone giant skeleton (Vaults:2)
  21 elephants
  3 manticores
  A rust devil (Pan)
  A dire elephant zombie (Abyss:3)
  An apocalypse crab (Abyss:1)
  A titan simulacrum (Depths:2)
  15 vault sentinels
  A black mamba (shapeshifter) (D:15)
  7 guardian serpents
  51 black mambas
  30 orange demons
  A shock serpent zombie (Crypt:2)
  28 naga magi
  2 molten gargoyles (Lair:6)
  5 ice statues (Pan)
  14 cane toads
  A cane toad (shapeshifter) (D:11)
  24 smoke demons
  A gargoyle (D:12)
  2 naga skeletons (Crypt:1)
  12 efreet
  A minotaur zombie (Gauntlet)
  8 freezing wraiths
  34 yaktaurs
  10 hellions
  A rime drake (shapeshifter) (D:13)
  Psyche (D:9)
  5 rime drakes
  A yaktaur (shapeshifter) (Elf:1)
  A yaktaur zombie (Vaults:2)
  6 ice devils
  4 unseen horrors
  9 komodo dragons
  A komodo dragon (shapeshifter) (D:14)
  17 demonic crawlers (Pan)
  17 hellwings
  3 ancient zymes (Abyss:1)
  A guardian mummy (Crypt:3)
  3 tengu conjurers
  2 hydra zombies
  4 meliai (Abyss:3)
  9 red devils (Pan)
  11 trolls
  4 hornets
  A harpy zombie (Crypt:1)
  A polar bear (D:15)
  A queen bee (Abyss:3)
  7 tyrant leeches
  A jumping spider zombie (Crypt:3)
  A culicivora zombie (Crypt:1)
  21 blink frogs
  A hydra skeleton (Abyss:1)
  4 raiju (Abyss:1)
  A meliai zombie (D:11)
  A stone giant simulacrum (Crypt:1)
  4 dream sheep (Lair:5)
  A fire giant simulacrum (Depths:2)
  A guardian serpent zombie (Crypt:1)
  A harpy skeleton (Abyss:3)
  8 flying skulls
  Sigmund (D:2)
  4 spriggans
  5 wyverns
  15 wraiths
  28 ynoxinuls
  3 air elementals
  A fire dragon skeleton (Crypt:3)
  A culicivora (shapeshifter) (Vaults:5)
  9 fire bats
  8 basilisks
  3 shadows (Gauntlet)
  A fire elemental (Elf:1)
  18 water elementals
  57 yaks
  2 hogs (Lair:4)
  A hog (shapeshifter) (D:9)
  14 vampire mosquitoes
  35 large abominations
  2 steam dragons
  A redback (Vaults:4)
  19 chaos spawn
  29 neqoxecs
  2 naga zombies (Crypt:3)
  6 spatial vortices (Abyss:1)
  4 acid dragons
  8 wargs
  21 swamp worms
  17 water moccasins
  56 nagas
  10 hell hounds
  6 swamp drakes (Swamp:4)
  28 orc warriors
  A human skeleton (Depths:2)
  A lindwurm zombie (Crypt:3)
  A sky beast (D:7)
  2 black bears
  A blink frog zombie (Crypt:1)
  2 ice beasts
  A black mamba simulacrum (Crypt:1)
  6 ogres
  6 necrophages
  24 wolves
  A tengu (Abyss:3)
  16 centaurs
  9 boggarts
  4 phantoms
  4 gnoll sergeants
  2 scorpions
  A salamander skeleton (Crypt:1)
  12 bullfrogs
  5 earth elementals
  A wyvern zombie (D:8)
  A wyvern skeleton (D:7)
  A cyclops skeleton (Crypt:1)
  9 small abominations
  A water moccasin skeleton (D:4)
  A troll zombie (D:10)
  A killer bee (D:9)
  An electric eel (Snake:3)
  A vampire bat (D:7)
  4 howler monkeys
  6 lava snakes
  3 centaur zombies
  8 crimson imps (Pan)
  20 starcursed masses
  2 quasits (Abyss:1)
  2 bullfrog skeletons
  28 orc priests
  3 hounds
  A centaur skeleton (D:4)
  4 iron imps
  3 iguanas (D:5)
  20 orc wizards
  4 hell rats (Lair:4)
  5 ogre zombies (D:10)
  A demigod skeleton (Crypt:3)
  A hound skeleton (D:5)
  12 mummies (Crypt:3)
  Robin (D:2)
  22 gnolls
  A steam dragon zombie (Crypt:2)
  5 adders
  4 white imps
  4 ufetubi
  A halfling skeleton (Crypt:2)
  A worm (shapeshifter) (Depths:4)
  A worm (D:2)
  A dart slug (D:1)
  56 orcs
  A ball python (D:1)
  8 bats (D:7)
  An endoplasm (D:1)
  3 giant cockroaches
  9 goblins
  6 hobgoblins
  6 jackals
  4 quokkas
  A river rat zombie (Crypt:3)
  2 frilled lizards
  2 goblin zombies (D:10)
  4 hobgoblin zombies (D:10)
  4 kobolds
  A kobold zombie (Crypt:1)
  An orc skeleton (D:10)
  12 orc zombies (D:10)
  A quokka skeleton (Crypt:2)
  4 rats
  5 ball lightnings (Pan)
  3 bushes (D:8)
  A lurking horror (Abyss:3)
  7 starspawn tentacles
2988 creatures vanquished.

Vanquished Creatures (collateral kills)
  A Killer Klown (Zot:5)
  An ettin (D:15)
  A two-headed ogre (D:5)
  An orc high priest (Orc:2)
  A shadow demon (Pan)
  A deep troll (D:15)
  A bog body (Lair:3)
  An orc knight (Orc:2)
  A gargoyle (D:8)
  An orc warrior (Orc:2)
  An ogre (D:6)
  An adder zombie (D:5)
12 creatures vanquished.

Vanquished Creatures (others)
  An ancient lich (Abyss:3)
  The ghost of dragonscale333 the Warrior, a master DsIE of Ashenzari (Zot:5)
  2 golden dragons (Depths:4)
  An electric golem (Zot:5)
  An acid blob (Zot:5)
  An eldritch tentacle (Pan)
  3 storm dragons
  A shadow dragon (Zot:5)
  3 fire giants
  An azure jelly (Zot:5)
  A deep elf sorcerer (Vaults:4)
  A ghost moth (Zot:5)
  A cacodemon (Pan)
  A balrug (Pan)
  A quicksilver ooze (Zot:5)
  A demonspawn blood saint (Pan)
  A draconian annihilator (Pan)
  An ironbound preserver (Vaults:5)
  A green draconian (Zot:4)
  A red draconian (Zot:4)
  A bunyip (Swamp:4)
  2 purple draconians
  9 great orbs of eyes
  A fire dragon (Abyss:3)
  A jiangshi (Crypt:1)
  A hydra (Swamp:4)
  A yaktaur captain (Vaults:2)
  A naga warrior (Snake:3)
  4 centaur warriors (Vaults:2)
  A satyr (shapeshifter) (Vaults:5)
  A titan zombie (Crypt:3)
  A deep elf knight (Elf:2)
  9 glowing orange brains
  A harpy (shapeshifter) (Depths:4)
  An ironbound convoker (Vaults:1)
  A mana viper (shapeshifter) (Vaults:5)
  A lindwurm (shapeshifter) (Depths:4)
  A mana viper (Snake:4)
  2 ugly things (Gauntlet)
  7 shining eyes
  2 deep elf pyromancers
  A manticore (D:12)
  4 vault sentinels
  A black mamba (Snake:4)
  A moth of wrath (Zot:1)
  3 eyes of devastation
  5 smoke demons (Pan)
  2 naga magi
  A cane toad (Lair:6)
  7 yaktaurs
  5 bloated husks
  A tarantella (shapeshifter) (Depths:4)
  38 slime creatures
  2 dream sheep (shapeshifter) (Vaults:5)
  A culicivora (Vaults:4)
  2 water elementals (Depths:2)
  A spriggan (shapeshifter) (Depths:4)
  An ettin skeleton (Crypt:1)
  A ynoxinul (Pan)
  2 hogs (Lair:4)
  11 golden eyes
  A neqoxec (Pan)
  A steam dragon (Lair:6)
  A human (Lair:4)
  2 chaos spawn
  9 large abominations
  An acid dragon (Zot:2)
  4 nagas
  A swamp worm (Swamp:2)
  A water moccasin (shapeshifter) (Depths:2)
  5 floating eyes
  An orc warrior (Vaults:5)
  3 water moccasins
  An ice beast (D:6)
  A sky beast (D:5)
  An ogre (Orc:1)
  3 wolves
  11 small abominations (Abyss:3)
  A centaur (D:15)
  A boggart (Vaults:3)
  2 kobold brigands
  A bullfrog (Lair:2)
  A wyvern skeleton (D:7)
  430 jellies
  A wight (D:9)
  A bullfrog zombie (D:7)
  A centaur zombie (D:8)
  A bullfrog skeleton (D:5)
  A hound (D:5)
  A centaur skeleton (D:5)
  Jessica (D:2)
  5 orc wizards
  5 gnolls
  An adder (D:6)
  A howler monkey skeleton (D:6)
  12 orcs
  A ball python (D:2)
  A giant cockroach (D:3)
  A goblin (D:2)
  2 quokkas (D:3)
  9 kobolds
  A rat (D:2)
  10 ball lightnings (Pan)
  A bush (D:8)
  A butterfly (Lair:3)
  2 foxfires (Swamp:3)
  96 fungi
  2 lurking horrors (Abyss:3)
  106 plants
  10 starspawn tentacles
  4 withered plants (Gauntlet)
925 creatures vanquished.

Grand Total: 3925 creatures vanquished

Notes
Turn   | Place    | Note
-------+----------+-------------------------------------------
     0 | D:1      | SHADDY the Deep Dwarf Fighter began the quest for the Orb.
     0 | D:1      | Reached XP level 1. HP: 20/20 MP: 1/1
   377 | D:1      | Reached XP level 2. HP: 27/27 MP: 2/2
   577 | D:1      | Found a faded altar of an unknown god.
   583 | D:1      | Got Plato's Almanac of Necromancy
   584 | D:1      | Prayed at the altar of an unknown god.
   584 | D:1      | Became a worshipper of Jiyva Jach the Shapeless
   584 | D:1      | Reached * piety under Jiyva
   803 | D:2      | Noticed Sigmund
   812 | D:2      | Killed Sigmund
   813 | D:2      | Reached XP level 3. HP: 31/34 MP: 3/3
   813 | D:2      | Reached XP level 4. HP: 39/43 MP: 4/4
   813 | D:2      | Reached XP level 5. HP: 45/49 MP: 5/5
   940 | D:2      | Reached ** piety under Jiyva
   968 | D:2      | Noticed a necrophage
   976 | D:2      | Killed a necrophage
   977 | D:2      | Reached XP level 6. HP: 53/56 MP: 6/6
  1418 | D:2      | Noticed Robin
  1435 | D:2      | Killed Robin
  1608 | D:2      | Reached *** piety under Jiyva
  1692 | D:2      | Noticed Jessica
  1731 | D:2      | Killed Jessica
  2469 | D:3      | Gained mutation: You have supernaturally acute eyesight.
                  | (SInv) [Jiyva's grace]
  2469 | D:3      | Gained mutation: Your melee attacks may engulf your foes in
                  | ooze. [Jiyva's grace]
  2469 | D:3      | Gained mutation: You are partially covered in iridescent
                  | scales. (AC +2) [Jiyva's grace]
  2469 | D:3      | Gained mutation: You are mostly covered in iridescent
                  | scales. (AC +4) [Jiyva's grace]
  2490 | D:3      | Reached skill level 5 in Axes
  2499 | D:3      | Found a radiant altar of Vehumet.
  2524 | D:3      | Reached **** piety under Jiyva
  2537 | D:3      | Found a burning altar of Makhleb.
  3217 | D:4      | Found a staircase to the Ecumenical Temple.
  3247 | D:4      | Found Asymim's Antique Armour Boutique.
  3315 | Temple   | Entered the Ecumenical Temple
  3648 | D:4      | Reached XP level 7. HP: 62/62 MP: 7/7
  3940 | D:5      | Entered Level 5 of the Dungeon
  3940 | D:5      | Found an ornate altar of the Wu Jian Council.
  3969 | D:5      | Reached ***** piety under Jiyva
  4116 | D:5      | Reached XP level 8. HP: 70/70 MP: 8/8
  4179 | D:5      | Found Jiogg's Mass Market.
  4191 | D:5      | Noticed a two-headed ogre
  4198 | D:5      | Killed a two-headed ogre
  4325 | D:5      | Lost mutation: You are mostly covered in iridescent scales.
                  | (AC +4) [Jiyva's grace]
  4325 | D:5      | Gained mutation: You are strong-willed. (Will+) [Jiyva's
                  | grace]
  4325 | D:5      | Gained mutation: You are highly strong-willed. (Will++)
                  | [Jiyva's grace]
  4325 | D:5      | Gained mutation: You are extremely strong-willed. (Will+++)
                  | [Jiyva's grace]
  4325 | D:5      | Gained mutation: You have acidic saliva. [Jiyva's grace]
  4332 | D:5      | Reached skill level 1 in Staves
  4555 | D:6      | Found an iron altar of Okawaru.
  4620 | D:6      | Reached skill level 1 in Dodging
  4620 | D:6      | Gained mutation: You passively map the area around you.
                  | [Deep Dwarf growth]
  4620 | D:6      | Reached XP level 9. HP: 55/76 MP: 9/9
  4766 | D:6      | You fall into a shaft and drop 1 floor!
  5947 | D:8      | Noticed a gargoyle
  5948 | D:8      | Noticed a skeletal warrior
  5952 | D:8      | Killed a gargoyle
  5953 | D:8      | Reached skill level 5 in Staves
  5969 | D:8      | Lost mutation: You are extremely strong-willed. (Will+++)
                  | [Jiyva's grace]
  5969 | D:8      | Gained mutation: You are mostly covered in iridescent
                  | scales. (AC +4) [Jiyva's grace]
  5969 | D:8      | Gained mutation: You are completely covered in iridescent
                  | scales. (AC +6) [Jiyva's grace]
  5969 | D:8      | Gained mutation: Your movements are slightly less
                  | encumbered by armour. (ER -2) [Jiyva's grace]
  5969 | D:8      | Gained mutation: Your movements are less encumbered by
                  | armour. (ER -4) [Jiyva's grace]
  5981 | D:8      | Noticed Erica
  5988 | D:8      | Killed Erica
  6011 | D:8      | Found a blossoming altar of Fedhas.
  6114 | D:8      | Reached skill level 5 in Dodging
  6514 | D:8      | Identified the +4 scale mail "Ejorghote" {Will+}
  6559 | D:9      | Reached XP level 10. HP: 84/84 MP: 10/10
  6653 | D:9      | Found Fuetz's Book Shop.
  6748 | D:9      | Reached ****** piety under Jiyva
  6820 | D:9      | Noticed a two-headed ogre
  6831 | D:9      | Killed a two-headed ogre
  6859 | D:9      | Noticed a centaur warrior
  6868 | D:9      | Killed a centaur warrior
  6894 | D:9      | Noticed a purple ugly thing
  6894 | D:9      | Noticed a centaur warrior
  6894 | D:9      | Noticed a skeletal warrior
  6894 | D:9      | Noticed a death knight
  6903 | D:9      | Killed a centaur warrior
  6909 | D:9      | Killed a death knight
  6910 | D:9      | Reached XP level 11. HP: 81/90 MP: 11/11
  6911 | D:9      | Killed a purple ugly thing
  6916 | D:9      | Killed a skeletal warrior
  6923 | D:9      | Got the Catalogue of Transformation
  6925 | D:9      | Got the Guide on Burning Evil Secrets
  6929 | D:9      | Noticed Psyche
  6939 | D:9      | Killed Psyche
  6972 | D:9      | Reached skill level 10 in Staves
  7057 | D:9      | Noticed a two-headed ogre
  7068 | D:9      | Killed a two-headed ogre
  7069 | D:9      | Identified the +1 pair of gloves "Wenestetz" {+Blink rF-
                  | Will++ rCorr}
  7101 | D:9      | Found a bloodstained altar of Trog.
  7412 | D:10     | Entered Level 10 of the Dungeon
  7522 | D:10     | Found a staircase to the Orcish Mines.
  7873 | D:10     | Lost mutation: You are completely covered in iridescent
                  | scales. (AC +6) [Jiyva's grace]
  7873 | D:10     | Lost mutation: Your movements are less encumbered by
                  | armour. (ER -4) [Jiyva's grace]
  7873 | D:10     | Lost mutation: Your melee attacks may engulf your foes in
                  | ooze. [Jiyva's grace]
  7873 | D:10     | Gained mutation: You are completely covered in iridescent
                  | scales. (AC +6) [Jiyva's grace]
  7873 | D:10     | Gained mutation: Your rubbery body absorbs attacks. (AC +1,
                  | EV +1) [Jiyva's grace]
  7873 | D:10     | Gained mutation: Your pliable body absorbs attacks. (AC +2,
                  | EV +2) [Jiyva's grace]
  7873 | D:10     | Gained mutation: Your gelatinous body deflects attacks. (AC
                  | +3, EV +3) [Jiyva's grace]
  8560 | D:11     | Found a staircase to the Lair.
  8796 | D:11     | Found an ancient bone altar of Kikubaaqudgha.
  9369 | D:11     | Reached skill level 15 in Axes
  9536 | D:12     | Noticed a four-headed hydra
  9554 | D:12     | Killed a one-headed hydra
  9607 | D:12     | Reached skill level 10 in Dodging
  9646 | D:12     | Reached XP level 12. HP: 99/99 MP: 12/12
  9801 | D:12     | Lost mutation: Your gelatinous body deflects attacks. (AC
                  | +3, EV +3) [Jiyva's grace]
  9801 | D:12     | Gained mutation: You passively map a large area around you.
                  | [Jiyva's grace]
  9801 | D:12     | Gained mutation: You have a small jelly attached to you
                  | that senses nearby items. [Jiyva's grace]
  9801 | D:12     | Gained mutation: Your muscles are strong. (Str +2) [Jiyva's
                  | grace]
  9801 | D:12     | Gained mutation: Your muscles are very strong. (Str +4)
                  | [Jiyva's grace]
 10018 | D:13     | Reached skill level 5 in Armour
 10018 | D:13     | Reached skill level 5 in Shields
 10053 | D:13     | Found a gate to the Vaults.
 10073 | D:13     | Identified the amulet of Jeivong {RegenMP Int+4}
 10114 | D:13     | Noticed a rakshasa
 10141 | D:13     | Killed a rakshasa
 10186 | D:13     | Noticed a death knight
 10207 | D:13     | Killed a death knight
 10211 | D:13     | Reached skill level 5 in Fighting
 10251 | D:13     | Noticed a two-headed ogre
 10265 | D:13     | Killed a two-headed ogre
 10514 | D:13     | Noticed a centaur warrior
 10527 | D:13     | Killed a centaur warrior
 10922 | D:14     | Noticed a two-headed ogre
 10934 | D:14     | Killed a two-headed ogre
 10994 | D:14     | Noticed a centaur warrior
 11006 | D:14     | Killed a centaur warrior
 11007 | D:14     | Reached XP level 13. HP: 104/111 MP: 11/11
 11546 | D:15     | Entered Level 15 of the Dungeon
 11607 | D:15     | Lost mutation: You are completely covered in iridescent
                  | scales. (AC +6) [Jiyva's grace]
 11607 | D:15     | Lost mutation: You are mostly covered in iridescent scales.
                  | (AC +4) [Jiyva's grace]
 11607 | D:15     | Lost mutation: You have a small jelly attached to you that
                  | senses nearby items. [Jiyva's grace]
 11607 | D:15     | Lost mutation: Your movements are slightly less encumbered
                  | by armour. (ER -2) [Jiyva's grace]
 11607 | D:15     | Gained mutation: Armour fits poorly on your pseudopods.
                  | [Jiyva's grace]
 11607 | D:15     | Gained mutation: Armour fits poorly on your large
                  | pseudopods. [Jiyva's grace]
 11607 | D:15     | Gained mutation: Armour fits poorly on your massive
                  | pseudopods. [Jiyva's grace]
 11607 | D:15     | Gained mutation: Your spells are a little harder to cast,
                  | but a little more powerful. [Jiyva's grace]
 11825 | D:15     | Found a broken altar of Ashenzari.
 11983 | D:15     | Noticed an ettin
 11990 | D:15     | Killed an ettin
 12074 | D:15     | Found a staircase to the Depths.
 12109 | D:15     | Noticed a fire dragon
 12124 | D:15     | Killed a fire dragon
 12605 | Lair:1   | Entered Level 1 of the Lair of Beasts
 12909 | Lair:1   | Noticed Sonja
 12923 | Lair:1   | Killed Sonja
 12924 | Lair:1   | Gained mutation: You resist negative energy. (rN+) [Deep
                  | Dwarf growth]
 12924 | Lair:1   | Reached XP level 14. HP: 126/126 MP: 11/11
 13497 | Lair:2   | Lost mutation: You are highly strong-willed. (Will++)
                  | [Jiyva's grace]
 13497 | Lair:2   | Lost mutation: Your muscles are very strong. (Str +4)
                  | [Jiyva's grace]
 13497 | Lair:2   | Gained mutation: Your gelatinous body deflects attacks. (AC
                  | +3, EV +3) [Jiyva's grace]
 13497 | Lair:2   | Gained mutation: Your translucent skin slightly reduces
                  | your foes' accuracy. (Stealth+) [Jiyva's grace]
 13497 | Lair:2   | Gained mutation: Your translucent skin reduces your foes'
                  | accuracy. (Stealth+) [Jiyva's grace]
 13497 | Lair:2   | Gained mutation: Your transparent skin significantly
                  | reduces your foes' accuracy. (Stealth+) [Jiyva's grace]
 13521 | Lair:2   | Reached skill level 10 in Armour
 13523 | Lair:2   | Reached skill level 10 in Shields
 14358 | Lair:3   | Noticed Urug
 14386 | Lair:3   | Killed Urug
 14613 | Lair:3   | Found a staircase to the Swamp.
 14885 | Lair:4   | Noticed Nessos
 14886 | Lair:4   | Noticed Kirke
 14897 | Lair:4   | Killed Nessos
 14902 | Lair:4   | Killed Kirke
 14903 | Lair:4   | Identified the +9 morningstar "Zurphi" {vorpal, rC+ Str+4}
 15045 | Lair:4   | Found a staircase to the Snake Pit.
 15225 | Lair:4   | Identified the +2 chain mail of the Crushed Mice {Contam
                  | Will+ Dex+3}
 15230 | Lair:4   | Identified the +8 flail of Sunlight {vorpal, *Corrode rN+
                  | Dex+2 Stlth+}
 15361 | Lair:4   | Lost mutation: You are partially covered in iridescent
                  | scales. (AC +2) [Jiyva's grace]
 15361 | Lair:4   | Lost mutation: You have supernaturally acute eyesight.
                  | (SInv) [Jiyva's grace]
 15361 | Lair:4   | Lost mutation: You are strong-willed. (Will+) [Jiyva's
                  | grace]
 15361 | Lair:4   | Lost mutation: Your gelatinous body deflects attacks. (AC
                  | +3, EV +3) [Jiyva's grace]
 15361 | Lair:4   | Gained mutation: You have a small jelly attached to you
                  | that may absorb projectiles. [Jiyva's grace]
 15361 | Lair:4   | Gained mutation: You are covered in slimy tendrils that may
                  | disarm your opponents. [Jiyva's grace]
 15361 | Lair:4   | Gained mutation: Your muscles are very strong. (Str +4)
                  | [Jiyva's grace]
 15361 | Lair:4   | Gained mutation: You passively dampen the noise of your
                  | surroundings. [Jiyva's grace]
 15510 | Lair:4   | Found a dark tunnel.
 15567 | Volcano  | Entered a volcano
 16285 | Lair:5   | Reached XP level 15. HP: 124/136 MP: 12/12
 16747 | Lair:6   | Entered Level 6 of the Lair of Beasts
 16747 | Lair:6   | Found a sacrificial altar of Ru.
 16912 | Lair:6   | Found a staircase to the Slime Pits.
 16916 | Lair:6   | Found a viscous altar of Jiyva.
 17038 | Lair:6   | Lost mutation: You passively map a large area around you.
                  | [Jiyva's grace]
 17038 | Lair:6   | Lost mutation: Your spells are a little harder to cast, but
                  | a little more powerful. [Jiyva's grace]
 17038 | Lair:6   | Lost mutation: Armour fits poorly on your massive
                  | pseudopods. [Jiyva's grace]
 17038 | Lair:6   | Lost mutation: Your transparent skin significantly reduces
                  | your foes' accuracy. (Stealth+) [Jiyva's grace]
 17038 | Lair:6   | Lost mutation: Your translucent skin reduces your foes'
                  | accuracy. (Stealth+) [Jiyva's grace]
 17038 | Lair:6   | Gained mutation: You are somewhat resistant to further
                  | mutation. [Jiyva's grace]
 17038 | Lair:6   | Gained mutation: You are somewhat resistant to both further
                  | mutation and mutation removal. [Jiyva's grace]
 17038 | Lair:6   | Gained mutation: You are almost entirely resistant to
                  | further mutation and mutation removal. [Jiyva's grace]
 17038 | Lair:6   | Gained mutation: Your translucent skin reduces your foes'
                  | accuracy. (Stealth+) [Jiyva's grace]
 17062 | Lair:6   | Reached skill level 10 in Fighting
 17257 | Lair:6   | Found a gate leading to a gauntlet.
 17294 | Gauntlet | Entered a Gauntlet
 17294 | Gauntlet | Found a transporter.
 17294 | Gauntlet | Found a runed translucent door.
 17294 | Gauntlet | Found a runed translucent door.
 17301 | Gauntlet | Found a transporter.
 17350 | Gauntlet | Found a transporter.
 17368 | Gauntlet | Found a transporter.
 17376 | Gauntlet | Found a transporter.
 17376 | Gauntlet | Found a transporter.
 17377 | Gauntlet | Found a transporter.
 17429 | Gauntlet | Found a transporter.
 17454 | Gauntlet | Identified the +6 plate armour of Blue Skies {Rampage rPois
                  | Slay+2}
 17473 | Gauntlet | Found a transporter.
 17495 | Gauntlet | Identified the +1 chain mail of Inaction {Fly rElec Str-4
                  | Dex+3}
 17729 | Lair:6   | Found a large runed translucent door.
 17742 | Lair:6   | Found a large runed translucent door.
 17814 | Lair:6   | Reached skill level 15 in Dodging
 18295 | Slime:1  | Entered Level 1 of the Pits of Slime
 18295 | Slime:1  | Noticed an acid blob
 18303 | Slime:2  | Noticed an acid blob
 18304 | Slime:2  | Noticed an azure jelly
 18307 | Slime:3  | Noticed a rockslime
 18311 | Slime:4  | Noticed an acid blob
 18315 | Slime:5  | Entered Level 5 of the Pits of Slime
 18348 | Slime:5  | Noticed the Royal Jelly
 18348 | Slime:5  | Noticed an acid blob
 18350 | Slime:5  | Noticed an acid blob
 18351 | Slime:5  | Found a viscous altar of Jiyva.
 18352 | Slime:5  | Noticed an acid blob
 18353 | Slime:5  | Noticed an azure jelly
 18355 | Slime:5  | Noticed a rockslime
 18359 | Slime:5  | Identified the +8 long sword of the Rat {protect, rF- Str+3
                  | Int+9 Stlth-}
 18362 | Slime:5  | Identified the +0 robe of the Game of Kings {Regen+ Dex+4
                  | SInv}
 18367 | Slime:5  | Identified the +5 battleaxe "Ymnic" {speed, rElec rF+
                  | Int+4}
 18369 | Slime:5  | Identified the +5 plate armour of the Realm of Zot {rCorr
                  | Int+3}
 18371 | Slime:5  | Identified the ring of the Zebra {rElec rPois rF+ rC+++
                  | Dex-3}
 18379 | Slime:5  | Identified the +7 scimitar of a sewer {holy, rElec rPois
                  | MP+9 SInv}
 18383 | Slime:5  | Got a slimy rune of Zot
 18385 | Slime:5  | Identified the +0 ring mail of Bajabyrouc {rN+ Int+3}
 18397 | Slime:5  | Got the Collected Works on the Dusty Glacier
 18444 | Slime:5  | Noticed an acid blob
 18452 | Slime:5  | Noticed an acid blob
 18455 | Slime:5  | Noticed an acid blob
 18490 | Slime:3  | Noticed an azure jelly
 18490 | Slime:3  | Noticed an acid blob
 18549 | Snake:1  | Entered Level 1 of the Snake Pit
 18958 | Snake:1  | Found Johor's Book Boutique.
 19613 | Snake:2  | Lost mutation: You are almost entirely resistant to further
                  | mutation and mutation removal. [Jiyva's grace]
 19613 | Snake:2  | Lost mutation: You are somewhat resistant to both further
                  | mutation and mutation removal. [Jiyva's grace]
 19613 | Snake:2  | Gained mutation: Your spells are a little harder to cast,
                  | but a little more powerful. [Jiyva's grace]
 19613 | Snake:2  | Gained mutation: Your spells are harder to cast, but more
                  | powerful. [Jiyva's grace]
 19613 | Snake:2  | Gained mutation: Your spells are much harder to cast, but
                  | much more powerful. [Jiyva's grace]
 19613 | Snake:2  | Gained mutation: Your gelatinous body deflects attacks. (AC
                  | +3, EV +3) [Jiyva's grace]
 19665 | Snake:2  | Reached XP level 16. HP: 129/150 MP: 13/13
 20257 | Snake:2  | Identified the +6 quarterstaff "Gimuodd" {antimagic, Contam
                  | rF+ rC- rN+++}
 20722 | Snake:3  | Noticed Mara
 20725 | Snake:3  | Noticed Bai Suzhen
 20733 | Snake:3  | Noticed SHADDY's illusion
 20775 | Snake:3  | Killed Bai Suzhen
 20780 | Snake:3  | Noticed SHADDY's illusion
 21056 | Snake:3  | Noticed Vashnia
 21245 | Orc:1    | Entered Level 1 of the Orcish Mines
 21348 | Orc:1    | Lost mutation: Your spells are much harder to cast, but
                  | much more powerful. [Jiyva's grace]
 21348 | Orc:1    | Lost mutation: Your translucent skin reduces your foes'
                  | accuracy. (Stealth+) [Jiyva's grace]
 21348 | Orc:1    | Lost mutation: Your translucent skin slightly reduces your
                  | foes' accuracy. (Stealth+) [Jiyva's grace]
 21348 | Orc:1    | Lost mutation: You passively dampen the noise of your
                  | surroundings. [Jiyva's grace]
 21348 | Orc:1    | Gained mutation: You expend magic power (3 MP) to
                  | strengthen your wands. [Jiyva's grace]
 21348 | Orc:1    | Gained mutation: Your melee attacks may engulf your foes in
                  | ooze. [Jiyva's grace]
 21348 | Orc:1    | Gained mutation: You are resistant to electric shocks.
                  | (rElec) [Jiyva's grace]
 21348 | Orc:1    | Gained mutation: You are agile. (Dex +2) [Jiyva's grace]
 21795 | Orc:2    | Entered Level 2 of the Orcish Mines
 21882 | Orc:2    | Found Muxof's Jewellery Boutique.
 21994 | Orc:2    | HP: 1/152 [orc priest/divine providence (8)]
 22178 | Orc:2    | Found a staircase to the Elven Halls.
 22506 | Orc:2    | Found Giekous's Jewellery Shoppe.
 22509 | Orc:2    | Found Vasefe's Antique Armour Shoppe.
 22510 | Orc:2    | Found Rikonkeuta's Distillery.
 22511 | Orc:2    | Found Goewk's Assorted Antiques.
 22514 | Orc:2    | Bought a potion of curing for 45 gold pieces
 22514 | Orc:2    | Bought a potion of berserk rage for 75 gold pieces
 22514 | Orc:2    | Bought a potion of lignification for 45 gold pieces
 22514 | Orc:2    | Bought 2 potions of lignification for 90 gold pieces
 22517 | Orc:2    | Bought a scroll of enchant weapon for 232 gold pieces
 22523 | Orc:2    | Bought the +1 cloak of Starlight {*Dazzle EV+4 Stlth--} for
                  | 1098 gold pieces
 22523 | Orc:2    | Found the +1 cloak of Starlight {*Dazzle EV+4 Stlth--}
 22818 | Snake:3  | Noticed SHADDY's illusion
 22867 | Snake:3  | Noticed SHADDY's illusion
 22878 | Snake:3  | Noticed SHADDY's illusion
 22947 | Snake:3  | Noticed SHADDY's illusion
 23848 | Snake:3  | Lost mutation: Your spells are harder to cast, but more
                  | powerful. [Jiyva's grace]
 23848 | Snake:3  | Lost mutation: Your gelatinous body deflects attacks. (AC
                  | +3, EV +3) [Jiyva's grace]
 23848 | Snake:3  | Gained mutation: You are somewhat resistant to both further
                  | mutation and mutation removal. [Jiyva's grace]
 23848 | Snake:3  | Gained mutation: You are almost entirely resistant to
                  | further mutation and mutation removal. [Jiyva's grace]
 23848 | Snake:3  | Gained mutation: Your body has grown eyes which may confuse
                  | attackers. (Acc +3) [Jiyva's grace]
 23848 | Snake:3  | Gained mutation: Your body has grown many eyes which may
                  | confuse attackers. (Acc +5) [Jiyva's grace]
 24033 | Snake:3  | Noticed SHADDY's illusion
 24079 | Snake:3  | Noticed SHADDY's illusion
 24083 | Snake:3  | Noticed SHADDY's illusion
 24089 | Snake:3  | Killed Mara
 24090 | Snake:3  | Reached XP level 17. HP: 149/160 MP: 11/11
 24186 | Snake:3  | Paralysed by a naga for 4 turns
 24315 | Snake:3  | Killed Vashnia
 24474 | Snake:4  | Entered Level 4 of the Snake Pit
 24474 | Snake:4  | Noticed Aizul
 24486 | Snake:3  | Killed Aizul
 24610 | Snake:4  | Noticed Asterion
 24630 | Snake:4  | Killed Asterion
 24747 | Snake:4  | Reached skill level 15 in Shields
 24756 | Snake:4  | Reached skill level 15 in Armour
 24787 | Snake:4  | Identified the -2 pair of gloves of Context {rElec Dex+2
                  | Stlth-}
 24914 | Snake:4  | Identified the +0 robe of a Million Interlopers {Dex+8}
 25587 | Snake:4  | Gained mutation: You passively map a large area around you.
                  | [Deep Dwarf growth]
 25587 | Snake:4  | Reached XP level 18. HP: 152/172 MP: 12/12
 25638 | Snake:4  | Noticed Nikola
 25664 | Snake:4  | Killed Nikola
 25704 | Snake:4  | Identified the +2 robe of the Realm of Zot {Str-4 Int+8
                  | Dex+2 SInv}
 25853 | Snake:4  | Got a serpentine rune of Zot
 26130 | Swamp:1  | Entered Level 1 of the Swamp
 26270 | Swamp:1  | Cast into level 3 of the Abyss (spriggan druid)
 26324 | Abyss:3  | Found a corrupted altar of Lugonu.
 26516 | Abyss:3  | Identified the +6 tower shield of the Okapi {rF+ rC+}
 26571 | Swamp:1  | Escaped the Abyss
 26763 | Swamp:1  | Identified the +6 spear of the Illusory Hells {vamp, Fly
                  | rF- Int+7}
 27164 | Swamp:2  | Noticed Louise
 27205 | Swamp:2  | Killed Louise
 27208 | Swamp:2  | You fall into a shaft and drop 1 floor!
 27284 | Swamp:2  | Identified the +11 halberd of Egomania {flame, rPois rF+}
 27451 | Swamp:2  | Found a runed translucent gate.
 27451 | Swamp:2  | Found a runed translucent gate.
 27452 | Swamp:2  | Found a runed translucent gate.
 27461 | Swamp:2  | Noticed Bean's ghost (adept DEIE)
 27464 | Swamp:2  | Found the +0 pair of fencer's gloves {Riposte Dex+3}
 27509 | Swamp:2  | Killed Bean's ghost
 27619 | Swamp:3  | Noticed Mlioglotl
 27645 | Swamp:3  | Killed Mlioglotl
 27975 | Swamp:3  | Lost mutation: You are almost entirely resistant to further
                  | mutation and mutation removal. [Jiyva's grace]
 27975 | Swamp:3  | Lost mutation: You are resistant to electric shocks.
                  | (rElec) [Jiyva's grace]
 27975 | Swamp:3  | Lost mutation: Your body has grown many eyes which may
                  | confuse attackers. (Acc +5) [Jiyva's grace]
 27975 | Swamp:3  | Lost mutation: Armour fits poorly on your large pseudopods.
                  | [Jiyva's grace]
 27975 | Swamp:3  | Lost mutation: You are covered in slimy tendrils that may
                  | disarm your opponents. [Jiyva's grace]
 27975 | Swamp:3  | Lost mutation: You have a small jelly attached to you that
                  | may absorb projectiles. [Jiyva's grace]
 27975 | Swamp:3  | Lost mutation: You expend magic power (3 MP) to strengthen
                  | your wands. [Jiyva's grace]
 27975 | Swamp:3  | Lost mutation: Your melee attacks may engulf your foes in
                  | ooze. [Jiyva's grace]
 27975 | Swamp:3  | Gained mutation: You are robust. (+10% HP) [Jiyva's grace]
 27975 | Swamp:3  | Gained mutation: You are very robust. (+20% HP) [Jiyva's
                  | grace]
 27975 | Swamp:3  | Gained mutation: You are extremely robust. (+30% HP)
                  | [Jiyva's grace]
 27975 | Swamp:3  | Gained mutation: You have sharp fingernails. [Jiyva's
                  | grace]
 28226 | Swamp:3  | Identified the +0 leather armour "Tepeseq" {Will+ Int+3
                  | SInv}
 28257 | Swamp:4  | Entered Level 4 of the Swamp
 28651 | Swamp:4  | Got a decaying rune of Zot
 28778 | Swamp:4  | Reached XP level 19. HP: 237/237 MP: 12/12
 28799 | Swamp:4  | Identified the amulet "Yrrecu Nuecw" {Spirit rN+}
 29316 | Elf:1    | Entered Level 1 of the Elven Halls
 29319 | Elf:1    | Found a transporter.
 29323 | Elf:1    | Found a transporter.
 29348 | Elf:1    | Found a transporter.
 29350 | Elf:1    | Found a transporter.
 29631 | Elf:1    | Gained mutation: You tend to lose your temper in combat. [a
                  | cacodemon]
 29638 | Elf:1    | Lost mutation: Your spells are a little harder to cast, but
                  | a little more powerful. [a cacodemon]
 29639 | Elf:1    | Gained mutation: You sometimes lose the ability to read
                  | scrolls when taking damage. [a cacodemon]
 29676 | Elf:1    | Got Mara's Disquisition on Calling
 29794 | Elf:1    | Found a transporter.
 29800 | Elf:1    | Found a transporter.
 29877 | Elf:1    | Noticed Frances
 29887 | Elf:1    | Killed Frances
 29916 | Elf:1    | Lost mutation: Armour fits poorly on your pseudopods.
                  | [Jiyva's grace]
 29916 | Elf:1    | Gained mutation: You are partially covered in large bone
                  | plates. (SH +4) [Jiyva's grace]
 29916 | Elf:1    | Gained mutation: You are mostly covered in large bone
                  | plates. (SH +6) [Jiyva's grace]
 29916 | Elf:1    | Gained mutation: You are completely covered in large bone
                  | plates. (SH +8) [Jiyva's grace]
 29916 | Elf:1    | Gained mutation: Your translucent skin slightly reduces
                  | your foes' accuracy. (Stealth+) [Jiyva's grace]
 29944 | Elf:1    | Reached XP level 20. HP: 249/249 MP: 13/13
 30457 | Elf:2    | Found Desis's Magic Scroll Boutique.
 30493 | Elf:2    | Bought a scroll of summoning for 171 gold pieces
 30493 | Elf:2    | Bought a scroll of holy word for 135 gold pieces
 30493 | Elf:2    | Bought a scroll of teleportation for 54 gold pieces
 30585 | Elf:2    | Found a runed translucent gate.
 30586 | Elf:2    | Found a runed translucent gate.
 30586 | Elf:2    | Found a runed translucent gate.
 30656 | Elf:2    | Noticed Agnes
 30668 | Elf:2    | Reached skill level 15 in Fighting
 30671 | Elf:2    | Killed Agnes
 31037 | Elf:3    | Entered Level 3 of the Elven Halls
 31109 | Elf:3    | Found Peuhuyle's Jewellery Emporium.
 31204 | Elf:3    | Lost mutation: You have sharp fingernails. [potion of
                  | mutation]
 31205 | Elf:3    | Lost mutation: You sometimes lose the ability to read
                  | scrolls when taking damage. [potion of mutation]
 31395 | Elf:3    | Lost mutation: You tend to lose your temper in combat.
                  | [Jiyva's grace]
 31395 | Elf:3    | Lost mutation: You are somewhat resistant to both further
                  | mutation and mutation removal. [Jiyva's grace]
 31395 | Elf:3    | Lost mutation: You are extremely robust. (+30% HP) [Jiyva's
                  | grace]
 31395 | Elf:3    | Lost mutation: You are very robust. (+20% HP) [Jiyva's
                  | grace]
 31395 | Elf:3    | Lost mutation: You have acidic saliva. [Jiyva's grace]
 31395 | Elf:3    | Lost mutation: Your pliable body absorbs attacks. (AC +2,
                  | EV +2) [Jiyva's grace]
 31395 | Elf:3    | Gained mutation: Your spells are a little harder to cast,
                  | but a little more powerful. [Jiyva's grace]
 31395 | Elf:3    | Gained mutation: Your spells are harder to cast, but more
                  | powerful. [Jiyva's grace]
 31395 | Elf:3    | Gained mutation: Your spells are much harder to cast, but
                  | much more powerful. [Jiyva's grace]
 31395 | Elf:3    | Gained mutation: You are covered in slimy tendrils that may
                  | disarm your opponents. [Jiyva's grace]
 31654 | Elf:3    | Identified the +8 war axe of the Doomed Warrior {holy, rC+
                  | Will+}
 31682 | Elf:3    | Identified the +7 war axe of Calculation {freeze, Will+
                  | Str+4}
 31810 | Elf:3    | Identified the +10 rapier "Sarhanaxt" {vorpal, rF+}
 31810 | Elf:3    | Identified the ring of the Thieving Jester {rElec rC+ rCorr
                  | Str+4}
 31870 | Elf:3    | Reached XP level 21. HP: 222/222 MP: 14/14
 32032 | Elf:3    | Found an ancient bone altar of Kikubaaqudgha.
 32554 | Vaults:1 | Entered Level 1 of the Vaults
 33180 | Vaults:1 | Found a huge runed gate.
 33180 | Vaults:1 | Found a huge runed gate.
 33180 | Vaults:1 | Found a huge runed gate.
 33182 | Vaults:1 | Found a huge runed gate.
 33182 | Vaults:1 | Found a huge runed gate.
 33183 | Vaults:1 | Found a huge runed gate.
 33184 | Vaults:1 | Found a huge runed gate.
 33184 | Vaults:1 | Found a huge runed gate.
 33184 | Vaults:1 | Found a huge runed gate.
 33184 | Vaults:1 | Found a huge runed gate.
 33190 | Vaults:1 | Found a huge runed gate.
 33190 | Vaults:1 | Found a huge runed gate.
 33190 | Vaults:1 | Found a huge runed gate.
 33190 | Vaults:1 | Found a huge runed gate.
 33190 | Vaults:1 | Found a huge runed gate.
 33190 | Vaults:1 | Found a huge runed gate.
 33191 | Vaults:1 | Found a huge runed gate.
 33192 | Vaults:1 | Found a huge runed gate.
 33193 | Vaults:1 | Found a huge runed gate.
 33201 | Vaults:1 | Found a huge runed gate.
 33201 | Vaults:1 | Found a huge runed gate.
 33201 | Vaults:1 | Found a huge runed gate.
 33201 | Vaults:1 | Found a huge runed gate.
 33201 | Vaults:1 | Found a huge runed gate.
 33201 | Vaults:1 | Found a huge runed gate.
 33202 | Vaults:1 | Found a huge runed gate.
 33203 | Vaults:1 | Found a huge runed gate.
 33204 | Vaults:1 | Found a huge runed gate.
 33212 | Vaults:1 | Found a huge runed gate.
 33212 | Vaults:1 | Found a huge runed gate.
 33212 | Vaults:1 | Found a huge runed gate.
 33212 | Vaults:1 | Found a huge runed gate.
 33212 | Vaults:1 | Found a huge runed gate.
 33212 | Vaults:1 | Found a huge runed gate.
 33213 | Vaults:1 | Found a huge runed gate.
 33214 | Vaults:1 | Found a huge runed gate.
 33330 | Vaults:1 | Found Wohishri's General Store.
 33956 | Vaults:2 | Lost mutation: Your spells are much harder to cast, but
                  | much more powerful. [Jiyva's grace]
 33956 | Vaults:2 | Lost mutation: Your rubbery body absorbs attacks. (AC +1,
                  | EV +1) [Jiyva's grace]
 33956 | Vaults:2 | Gained mutation: Your melee attacks may engulf your foes in
                  | ooze. [Jiyva's grace]
 33956 | Vaults:2 | Gained mutation: You are very robust. (+20% HP) [Jiyva's
                  | grace]
 33956 | Vaults:2 | Gained mutation: You are extremely robust. (+30% HP)
                  | [Jiyva's grace]
 33956 | Vaults:2 | Gained mutation: Your system is resistant to poisons.
                  | (rPois) [Jiyva's grace]
 34172 | Vaults:2 | Found Iwas's Book Boutique.
 34533 | Vaults:2 | Identified the +7 chain mail of the Past {rElec}
 34577 | Vaults:2 | Found a runed translucent gate.
 34577 | Vaults:2 | Found a runed translucent gate.
 34584 | Vaults:2 | Found a runed translucent gate.
 34587 | Vaults:2 | Noticed SHADDY's ghost (adept DDFi)
 34653 | Vaults:2 | Killed SHADDY's ghost
 35444 | Vaults:3 | Reached XP level 22. HP: 280/280 MP: 15/15
 35588 | Vaults:3 | Found a staircase to the Crypt.
 35725 | Vaults:3 | Identified the +6 arbalest of Wu Jian's Condemnation
                  | {vorpal, Fly rF+ rC- rN+}
 35963 | Vaults:4 | Lost mutation: You are agile. (Dex +2) [Jiyva's grace]
 35963 | Vaults:4 | Lost mutation: You are somewhat resistant to further
                  | mutation. [Jiyva's grace]
 35963 | Vaults:4 | Lost mutation: Your spells are harder to cast, but more
                  | powerful. [Jiyva's grace]
 35963 | Vaults:4 | Lost mutation: Your body has grown eyes which may confuse
                  | attackers. (Acc +3) [Jiyva's grace]
 35963 | Vaults:4 | Lost mutation: Your translucent skin slightly reduces your
                  | foes' accuracy. (Stealth+) [Jiyva's grace]
 35963 | Vaults:4 | Lost mutation: Your melee attacks may engulf your foes in
                  | ooze. [Jiyva's grace]
 35963 | Vaults:4 | Gained mutation: You are partially covered in iridescent
                  | scales. (AC +2) [Jiyva's grace]
 35963 | Vaults:4 | Gained mutation: You are mostly covered in iridescent
                  | scales. (AC +4) [Jiyva's grace]
 35963 | Vaults:4 | Gained mutation: You are completely covered in iridescent
                  | scales. (AC +6) [Jiyva's grace]
 35963 | Vaults:4 | Gained mutation: Your spells are harder to cast, but more
                  | powerful. [Jiyva's grace]
 36028 | Vaults:4 | Found Ahiv Veh's Book Boutique.
 36328 | Vaults:4 | Found Vorghu's Armour Emporium.
 36424 | Vaults:4 | Found Zyset's Weapon Shop.
 36616 | Vaults:4 | Found a portal to a secret trove of treasure.
 37277 | Vaults:5 | Entered Level 5 of the Vaults
 37373 | Vaults:5 | Identified the ring of Fady {Wiz Str+4}
 37430 | Vaults:5 | Noticed a golden dragon
 37470 | Vaults:5 | Killed a golden dragon
 37552 | Vaults:5 | Got a silver rune of Zot
 37573 | Vaults:5 | Got the Tome of Ensnaring Transformation
 37637 | Vaults:5 | Identified the +0 pair of boots of Experimentation {rC+
                  | rCorr Int+6 Stlth-}
 37752 | Vaults:5 | Noticed an ancient lich
 37776 | Vaults:5 | Killed an ancient lich
 37791 | Vaults:5 | Noticed a dread lich
 37869 | Vaults:5 | Killed a dread lich
 38038 | Vaults:5 | Reached XP level 23. HP: 293/293 MP: 14/14
 38101 | Vaults:5 | Found the +2 shield of Resistance {rF++ rC++ Will++}
 38156 | Vaults:5 | Lost mutation: You are completely covered in large bone
                  | plates. (SH +8) [Jiyva's grace]
 38156 | Vaults:5 | Lost mutation: Your muscles are very strong. (Str +4)
                  | [Jiyva's grace]
 38156 | Vaults:5 | Lost mutation: Your spells are harder to cast, but more
                  | powerful. [Jiyva's grace]
 38156 | Vaults:5 | Gained mutation: You expend magic power (3 MP) to
                  | strengthen your wands. [Jiyva's grace]
 38156 | Vaults:5 | Gained mutation: Your mind is acute. (Int +2) [Jiyva's
                  | grace]
 38156 | Vaults:5 | Gained mutation: Your mind is very acute. (Int +4) [Jiyva's
                  | grace]
 38156 | Vaults:5 | Gained mutation: You have large cloven feet. [Jiyva's
                  | grace]
 38427 | Vaults:5 | Identified the +11 trident "Elaewuf" {vorpal, *Noise Dex+6}
 38949 | Crypt:1  | Entered Level 1 of the Crypt
 39152 | Crypt:1  | Found a basalt altar of Yredelemnul.
 39548 | Crypt:1  | Noticed Margery
 39562 | Crypt:1  | Killed Margery
 39858 | Crypt:2  | Noticed Frederick
 39881 | Crypt:2  | Killed Frederick
 40416 | Crypt:3  | Entered Level 3 of the Crypt
 40747 | Crypt:3  | Lost mutation: You are completely covered in iridescent
                  | scales. (AC +6) [Jiyva's grace]
 40747 | Crypt:3  | Lost mutation: You are mostly covered in large bone plates.
                  | (SH +6) [Jiyva's grace]
 40747 | Crypt:3  | Lost mutation: Your mind is very acute. (Int +4) [Jiyva's
                  | grace]
 40747 | Crypt:3  | Gained mutation: You are agile. (Dex +2) [Jiyva's grace]
 40747 | Crypt:3  | Gained mutation: You are very agile. (Dex +4) [Jiyva's
                  | grace]
 40747 | Crypt:3  | Gained mutation: Your flesh is heat resistant. (rF+)
                  | [Jiyva's grace]
 40747 | Crypt:3  | Gained mutation: Your flesh is very heat resistant. (rF++)
                  | [Jiyva's grace]
 41137 | Crypt:3  | Found a staircase to the Tomb.
 41145 | Crypt:3  | Noticed Jory
 41159 | Crypt:3  | Killed Jory
 41346 | Crypt:3  | Identified the ring "Oripun" {Drain rElec rN+ Str+3}
 41375 | Crypt:3  | Identified the amulet of the Clam {RegenMP *Corrode rElec
                  | rN+}
 41382 | Crypt:3  | Noticed Xtahua
 41412 | Crypt:3  | Killed Xtahua
 41426 | Crypt:3  | Reached XP level 24. HP: 267/309 MP: 12/12
 41523 | Crypt:3  | Found an ancient bone altar of Kikubaaqudgha.
 41537 | Crypt:3  | Identified the ring "Uroalytisch" {rN+ Dex+6}
 41960 | Crypt:3  | Got the Almanac of Black Rites
 42398 | Depths:1 | Entered Level 1 of the Depths
 42433 | Depths:1 | Identified a scroll of acquirement
 42442 | Depths:1 | Acquired 524 gold pieces
 42517 | Depths:1 | Found Ditegh's Weapon Boutique.
 42543 | Depths:1 | Found Dimnoa's Magic Scroll Shop.
 42552 | Depths:1 | Bought a scroll of enchant armour for 127 gold pieces
 42552 | Depths:1 | Bought a scroll of holy word for 127 gold pieces
 42552 | Depths:1 | Bought a scroll of enchant armour for 127 gold pieces
 42640 | Depths:1 | Found a one-way gateway to a ziggurat.
 42685 | Depths:1 | Found a gateway to Hell.
 42893 | Depths:1 | Found a bloodstained altar of Trog.
 42973 | Depths:1 | Lost mutation: You have large cloven feet. [Jiyva's grace]
 42973 | Depths:1 | Lost mutation: You are mostly covered in iridescent scales.
                  | (AC +4) [Jiyva's grace]
 42973 | Depths:1 | Lost mutation: You are very agile. (Dex +4) [Jiyva's grace]
 42973 | Depths:1 | Lost mutation: Your flesh is very heat resistant. (rF++)
                  | [Jiyva's grace]
 42973 | Depths:1 | Lost mutation: You are extremely robust. (+30% HP) [Jiyva's
                  | grace]
 42973 | Depths:1 | Lost mutation: You are very robust. (+20% HP) [Jiyva's
                  | grace]
 42973 | Depths:1 | Gained mutation: You are very agile. (Dex +4) [Jiyva's
                  | grace]
 42973 | Depths:1 | Gained mutation: You are somewhat resistant to further
                  | mutation. [Jiyva's grace]
 42973 | Depths:1 | Gained mutation: You are somewhat resistant to both further
                  | mutation and mutation removal. [Jiyva's grace]
 42973 | Depths:1 | Gained mutation: You are almost entirely resistant to
                  | further mutation and mutation removal. [Jiyva's grace]
 42976 | Depths:1 | Found a one-way gate leading to the halls of Pandemonium.
 43218 | Depths:2 | Noticed a juggernaut
 43276 | Depths:2 | Killed a juggernaut
 43834 | Depths:2 | Got the Almanac of Combat Magic
 44506 | Depths:3 | Found a one-way gate to the infinite horrors of the Abyss.
 44766 | Depths:3 | Found the +6 arbalest "Damnation" {damnation}
 44827 | Depths:3 | Reached XP level 25. HP: 277/277 MP: 12/12
 44958 | Depths:4 | Entered Level 4 of the Depths
 44980 | Depths:4 | Lost mutation: You are very agile. (Dex +4) [Jiyva's grace]
 44980 | Depths:4 | Lost mutation: Your mind is acute. (Int +2) [Jiyva's grace]
 44980 | Depths:4 | Lost mutation: You are robust. (+10% HP) [Jiyva's grace]
 44980 | Depths:4 | Lost mutation: You are covered in slimy tendrils that may
                  | disarm your opponents. [Jiyva's grace]
 44980 | Depths:4 | Gained mutation: You have a small jelly attached to you
                  | that senses nearby items. [Jiyva's grace]
 44980 | Depths:4 | Gained mutation: You are mostly covered in iridescent
                  | scales. (AC +4) [Jiyva's grace]
 44980 | Depths:4 | Gained mutation: You are completely covered in iridescent
                  | scales. (AC +6) [Jiyva's grace]
 44980 | Depths:4 | Gained mutation: You have sharp toenails. [Jiyva's grace]
 45013 | Depths:4 | Noticed a juggernaut
 45043 | Depths:4 | Killed a juggernaut
 45322 | Depths:4 | Found a gate to the Realm of Zot.
 45382 | Depths:4 | Found a stormy altar of Qazlal.
 45383 | Depths:4 | Found a shimmering altar of Xom.
 45384 | Depths:4 | Found a bloodstained altar of Trog.
 45637 | Depths:4 | Identified the +4 battleaxe of Youthful Indiscretion
                  | {flame, rElec rPois rC+ Will-}
 45697 | Depths:4 | Noticed a juggernaut
 45720 | Depths:4 | Killed a juggernaut
 45793 | Depths:4 | Acquired 1259 gold pieces
 45838 | Depths:4 | Identified the +6 hunting sling "Aninahefuih" {venom, rElec
                  | rCorr Dex+4}
 46019 | Depths:4 | Identified the +8 falchion "Ogreslayer" {elec, Fragile
                  | rElec SInv}
 46266 | Zot:1    | Entered Level 1 of the Realm of Zot
 46470 | Zot:1    | Noticed an orb of fire
 46471 | Zot:1    | Noticed an orb of fire
 46510 | Zot:1    | Killed an orb of fire
 46527 | Zot:1    | Killed an orb of fire
 46634 | Zot:1    | Found a runed translucent gate.
 46634 | Zot:1    | Found a runed translucent gate.
 46634 | Zot:1    | Found a runed translucent gate.
 46637 | Zot:1    | Noticed Mikey69's ghost (legendary DsBe)
 46637 | Zot:1    | Noticed stpyramids's ghost (legendary DDFi)
 46689 | Zot:1    | Reached XP level 26. HP: 262/264 MP: 12/12
 46758 | Zot:1    | You are sucked into a shaft and drop 1 floor!
 46962 | Zot:2    | Identified the +4 glaive "Zuhonot" {venom, Contam Str+4
                  | Int+5}
 47110 | Zot:2    | Identified the +12 triple sword of Compassion {protect,
                  | Dex+2}
 47471 | Zot:2    | Lost mutation: You are completely covered in iridescent
                  | scales. (AC +6) [Jiyva's grace]
 47471 | Zot:2    | Lost mutation: You are agile. (Dex +2) [Jiyva's grace]
 47471 | Zot:2    | Lost mutation: Your flesh is heat resistant. (rF+) [Jiyva's
                  | grace]
 47471 | Zot:2    | Gained mutation: You have acidic saliva. [Jiyva's grace]
 47471 | Zot:2    | Gained mutation: You are completely covered in iridescent
                  | scales. (AC +6) [Jiyva's grace]
 47471 | Zot:2    | Gained mutation: Your melee attacks may engulf your foes in
                  | ooze. [Jiyva's grace]
 47471 | Zot:2    | Lost mutation: You have sharp toenails. [Jiyva's grace]
 47471 | Zot:2    | Gained mutation: You have large cloven feet. [Jiyva's
                  | grace]
 48282 | Zot:3    | Identified the +0 scale mail of Quantum Leap {rC++ Stlth-}
 48594 | Zot:4    | Found the +4 dragonskin cloak
 48594 | Zot:4    | Noticed Tiamat
 48641 | Zot:3    | Killed Tiamat
 48725 | Zot:4    | Found the +3 pair of seven-league boots {Rampage+∞}
 49359 | Zot:4    | Lost mutation: You have large cloven feet. [Jiyva's grace]
 49359 | Zot:4    | Lost mutation: You are completely covered in iridescent
                  | scales. (AC +6) [Jiyva's grace]
 49359 | Zot:4    | Lost mutation: You are almost entirely resistant to further
                  | mutation and mutation removal. [Jiyva's grace]
 49359 | Zot:4    | Lost mutation: Your system is resistant to poisons. (rPois)
                  | [Jiyva's grace]
 49359 | Zot:4    | Lost mutation: Your spells are a little harder to cast, but
                  | a little more powerful. [Jiyva's grace]
 49359 | Zot:4    | Lost mutation: You expend magic power (3 MP) to strengthen
                  | your wands. [Jiyva's grace]
 49359 | Zot:4    | Lost mutation: Your melee attacks may engulf your foes in
                  | ooze. [Jiyva's grace]
 49359 | Zot:4    | Gained mutation: You are covered in fur. (AC +1) [Jiyva's
                  | grace]
 49359 | Zot:4    | Gained mutation: You are covered in thick fur. (AC +2)
                  | [Jiyva's grace]
 49359 | Zot:4    | Gained mutation: Your thick and shaggy fur keeps you warm.
                  | (AC +3, rC+) [Jiyva's grace]
 49359 | Zot:4    | Gained mutation: A frigid envelope surrounds you and
                  | freezes all who hurt you. [Jiyva's grace]
 49457 | Zot:5    | Entered Level 5 of the Realm of Zot
 49470 | Zot:5    | Killed dragonscale333's ghost
 49539 | Zot:5    | Found a runed translucent gate.
 49539 | Zot:5    | Found a runed translucent gate.
 49539 | Zot:5    | Found a runed translucent gate.
 49542 | Zot:5    | Found a viscous altar of Jiyva.
 49554 | Zot:5    | Identified the +3 great sword "Olithrif" {drain, *Corrode
                  | Str+7 Int-4 Stlth+}
 49883 | Zot:5    | Noticed an orb of fire
 49888 | Zot:5    | Noticed an orb of fire
 49896 | Zot:5    | Gained mutation: You are frail. (-10% HP) [an orb of fire]
 49904 | Zot:5    | Gained mutation: You occasionally shout uncontrollably at
                  | your foes. [an orb of fire]
 49907 | Zot:5    | Killed an orb of fire
 49908 | Zot:5    | Reached XP level 27. HP: 201/246 MP: 12/12
 49910 | Zot:5    | Noticed an orb of fire
 49920 | Zot:5    | Noticed an orb of fire
 49925 | Zot:5    | Noticed a dread lich
 49936 | Zot:5    | Killed an orb of fire
 50011 | Zot:5    | Gained mutation: You sometimes lose the ability to read
                  | scrolls when taking damage. [an orb of fire]
 50045 | Zot:5    | Killed an orb of fire
 50081 | Zot:5    | Killed a dread lich
 50368 | Zot:5    | Killed an orb of fire
 50494 | Zot:5    | Noticed a dread lich
 50496 | Zot:5    | Noticed an orb of fire
 50511 | Zot:5    | Killed a dread lich
 50522 | Zot:5    | Killed an orb of fire
 50580 | Zot:5    | Noticed an orb of fire
 50589 | Zot:5    | Gained mutation: You are dopey. (Int -2) [an orb of fire]
 50589 | Zot:5    | Noticed an orb of fire
 50590 | Zot:5    | Noticed an orb of fire
 50590 | Zot:5    | Noticed an ancient lich
 50612 | Zot:5    | Gained mutation: Your spells are a little easier to cast,
                  | but a little less powerful. [an orb of fire]
 50629 | Zot:5    | Killed an orb of fire
 50639 | Zot:5    | Killed an ancient lich
 50649 | Zot:5    | Killed an orb of fire
 50658 | Zot:5    | Killed an orb of fire
 51101 | Depths:4 | Voluntarily entered the Abyss.
 51496 | Abyss:3  | Found a corrupted altar of Lugonu.
 51584 | Depths:4 | Escaped the Abyss
 51586 | Depths:4 | Voluntarily entered the Abyss.
 51586 | Abyss:1  | Found a corrupted altar of Lugonu.
 51951 | Abyss:3  | Found a corrupted altar of Lugonu.
 51982 | Abyss:3  | Found a corrupted altar of Lugonu.
 52010 | Abyss:3  | Killed an ancient lich
 52025 | Abyss:3  | Killed an ancient lich
 52075 | Abyss:3  | Got an abyssal rune of Zot
 52170 | Depths:4 | Escaped the Abyss
 52437 | Pan      | Entered Pandemonium
 52707 | Pan      | Found a glowing golden altar of the Shining One.
 52707 | Pan      | Noticed a seraph
 52730 | Pan      | Killed a seraph
 52770 | Pan      | Got a demonic rune of Zot
 52772 | Pan      | Got the Volume of the Chupacabra
 53128 | Pan      | Identified the +7 tower shield "Ibogeokk" {rF- Str-3 Dex+8}
 53182 | Pan      | Found a glowing silver altar of Zin.
 53515 | Pan      | Lost mutation: You are mostly covered in iridescent scales.
                  | (AC +4) [Jiyva's grace]
 53515 | Pan      | Lost mutation: You are dopey. (Int -2) [Jiyva's grace]
 53515 | Pan      | Lost mutation: You occasionally shout uncontrollably at
                  | your foes. [Jiyva's grace]
 53515 | Pan      | Lost mutation: You have acidic saliva. [Jiyva's grace]
 53515 | Pan      | Lost mutation: You sometimes lose the ability to read
                  | scrolls when taking damage. [Jiyva's grace]
 53515 | Pan      | Gained mutation: Your translucent skin slightly reduces
                  | your foes' accuracy. (Stealth+) [Jiyva's grace]
 53515 | Pan      | Gained mutation: Your translucent skin reduces your foes'
                  | accuracy. (Stealth+) [Jiyva's grace]
 53515 | Pan      | Gained mutation: Your transparent skin significantly
                  | reduces your foes' accuracy. (Stealth+) [Jiyva's grace]
 53515 | Pan      | Gained mutation: You have sharp toenails. [Jiyva's grace]
 53603 | Pan      | Identified the ring of Devotion {rF+ Int+6 Dex+6}
 54219 | Pan      | Reached skill level 27 in Dodging
 54524 | Pan      | Noticed Cijy the pandemonium lord
 55343 | Pan      | Killed Cijy the pandemonium lord
 55679 | Pan      | Noticed Bierib the pandemonium lord
 55702 | Pan      | Killed Bierib the pandemonium lord
 55815 | Pan      | Found an exit through the horrors of the Abyss.
 55839 | Pan      | Lost mutation: You are partially covered in iridescent
                  | scales. (AC +2) [Jiyva's grace]
 55839 | Pan      | Lost mutation: You are somewhat resistant to both further
                  | mutation and mutation removal. [Jiyva's grace]
 55839 | Pan      | Lost mutation: Your thick and shaggy fur keeps you warm.
                  | (AC +3, rC+) [Jiyva's grace]
 55839 | Pan      | Lost mutation: Your spells are a little easier to cast, but
                  | a little less powerful. [Jiyva's grace]
 55839 | Pan      | Gained mutation: Your flesh is heat resistant. (rF+)
                  | [Jiyva's grace]
 55839 | Pan      | Gained mutation: Your flesh is very heat resistant. (rF++)
                  | [Jiyva's grace]
 55839 | Pan      | Gained mutation: Your flesh is almost immune to the effects
                  | of heat. (rF+++) [Jiyva's grace]
 55839 | Pan      | Gained mutation: You are partially covered in iridescent
                  | scales. (AC +2) [Jiyva's grace]
 56324 | Pan      | Noticed Niyt the pandemonium lord
 56346 | Pan      | Killed Niyt the pandemonium lord
 56430 | Pan      | Entered the realm of Lom Lobon.
 56598 | Pan      | Got Talargh's Handbook of the Aerial Escort
 56626 | Pan      | Noticed Lom Lobon
 56666 | Pan      | Killed Lom Lobon
 56770 | Pan      | Got a magical rune of Zot
 56860 | Pan      | Entered the realm of Cerebov.
 57050 | Pan      | Noticed Mennas
 57091 | Pan      | Killed Mennas
 57208 | Pan      | Lost mutation: Your flesh is almost immune to the effects
                  | of heat. (rF+++) [Jiyva's grace]
 57208 | Pan      | Lost mutation: Your flesh is very heat resistant. (rF++)
                  | [Jiyva's grace]
 57208 | Pan      | Lost mutation: You are frail. (-10% HP) [Jiyva's grace]
 57208 | Pan      | Lost mutation: Your transparent skin significantly reduces
                  | your foes' accuracy. (Stealth+) [Jiyva's grace]
 57208 | Pan      | Gained mutation: Your system is resistant to poisons.
                  | (rPois) [Jiyva's grace]
 57208 | Pan      | Gained mutation: You have a small jelly attached to you
                  | that may absorb projectiles. [Jiyva's grace]
 57208 | Pan      | Lost mutation: You have sharp toenails. [Jiyva's grace]
 57208 | Pan      | Gained mutation: You have large cloven feet. [Jiyva's
                  | grace]
 57208 | Pan      | Gained mutation: You have hoof-like feet. [Jiyva's grace]
 57703 | Pan      | Reached skill level 27 in Shields
 57786 | Pan      | Reached skill level 27 in Armour
 57816 | Pan      | Identified the ring "Niukiuli" {Will+ EV+4 Dex+4}
 57820 | Pan      | Identified the +1 ring mail of Bonitzah {rPois Will+ Str+2
                  | SInv}
 57949 | Pan      | Identified the +8 quarterstaff "Atuc" {vorpal, Fly rElec
                  | rF- Str+2}
 57996 | Pan      | Found the +6 sword of Cerebov {flame}
 57996 | Pan      | Noticed Cerebov
 58032 | Pan      | Killed Cerebov
 58216 | Pan      | Got a fiery rune of Zot
 58642 | Pan      | Noticed Ciss the pandemonium lord
 58657 | Pan      | Killed Ciss the pandemonium lord
 58772 | Pan      | Entered the realm of Gloorx Vloq.
 58860 | Pan      | Noticed Gloorx Vloq
 58872 | Pan      | Killed Gloorx Vloq
 59024 | Pan      | Got a dark rune of Zot
 59306 | Pan      | Entered the realm of Mnoleg.
 59330 | Pan      | Gained mutation: Potions are less effective at restoring
                  | your health. [a neqoxec]
 59335 | Pan      | Lost mutation: You are somewhat resistant to further
                  | mutation. [a neqoxec]
 59340 | Pan      | Gained mutation: You occasionally shout uncontrollably at
                  | your foes. [a neqoxec]
 59360 | Pan      | Gained mutation: Your body sometimes deteriorates upon
                  | taking damage. [a neqoxec]
 59395 | Pan      | Gained mutation: Your magical capacity is low. (-10% MP) [a
                  | cacodemon]
 59411 | Pan      | Gained mutation: Armour fits poorly on your strangely
                  | shaped body. [a cacodemon]
 59418 | Pan      | Found an exit through the horrors of the Abyss.
 59457 | Pan      | Gained mutation: You frequently scream uncontrollably at
                  | your foes. [a cacodemon]
 59462 | Pan      | Gained mutation: Your magical capacity is very low. (-20%
                  | MP) [a cacodemon]
 59477 | Pan      | Gained mutation: You are clumsy. (Dex -2) [a neqoxec]
 59481 | Pan      | Gained mutation: You sometimes lose the ability to read
                  | scrolls when taking damage. [a neqoxec]
 59496 | Pan      | Noticed Mnoleg
 59564 | Pan      | Gained mutation: You are frail. (-10% HP) [a cacodemon]
 59565 | Pan      | Gained mutation: You are very clumsy. (Dex -4) [a
                  | cacodemon]
 59568 | Pan      | Lost mutation: Your muscles are strong. (Str +2) [a
                  | cacodemon]
 59571 | Pan      | Killed Mnoleg
 59572 | Pan      | Gained mutation: You are weak. (Str -2) [a neqoxec]
 59574 | Pan      | Gained mutation: Your spells are a little easier to cast,
                  | but a little less powerful. [a neqoxec]
 59580 | Pan      | Gained mutation: You are very weak. (Str -4) [a neqoxec]
 59585 | Pan      | Gained mutation: Your body often deteriorates upon taking
                  | damage. [a neqoxec]
 59630 | Pan      | Gained mutation: You are dopey. (Int -2) [a neqoxec]
 59631 | Pan      | Gained mutation: You are very frail. (-20% HP) [a neqoxec]
 59638 | Pan      | Gained mutation: You are very dopey. (Int -4) [a neqoxec]
 59644 | Pan      | Gained mutation: You are extremely frail. (-30% HP) [a
                  | neqoxec]
 59647 | Pan      | Lost mutation: Your translucent skin reduces your foes'
                  | accuracy. (Stealth+) [potion of mutation]
 59647 | Pan      | Lost mutation: You sometimes lose the ability to read
                  | scrolls when taking damage. [potion of mutation]
 59711 | Pan      | Identified the +3 hunting sling of Jawuit {vorpal, Str+5}
 60080 | Pan      | Got a glowing rune of Zot
 60188 | Pan      | Lost mutation: You have hoof-like feet. [Jiyva's grace]
 60188 | Pan      | Lost mutation: You are very clumsy. (Dex -4) [Jiyva's
                  | grace]
 60188 | Pan      | Lost mutation: You are clumsy. (Dex -2) [Jiyva's grace]
 60188 | Pan      | Lost mutation: Your body often deteriorates upon taking
                  | damage. [Jiyva's grace]
 60188 | Pan      | Lost mutation: Your body sometimes deteriorates upon taking
                  | damage. [Jiyva's grace]
 60188 | Pan      | Lost mutation: You are very dopey. (Int -4) [Jiyva's grace]
 60188 | Pan      | Lost mutation: You are dopey. (Int -2) [Jiyva's grace]
 60188 | Pan      | Lost mutation: You are extremely frail. (-30% HP) [Jiyva's
                  | grace]
 60188 | Pan      | Lost mutation: You are very frail. (-20% HP) [Jiyva's
                  | grace]
 60188 | Pan      | Lost mutation: Your magical capacity is very low. (-20% MP)
                  | [Jiyva's grace]
 60188 | Pan      | Lost mutation: Your magical capacity is low. (-10% MP)
                  | [Jiyva's grace]
 60188 | Pan      | Lost mutation: You frequently scream uncontrollably at your
                  | foes. [Jiyva's grace]
 60188 | Pan      | Lost mutation: You have a small jelly attached to you that
                  | senses nearby items. [Jiyva's grace]
 60188 | Pan      | Lost mutation: Your spells are a little easier to cast, but
                  | a little less powerful. [Jiyva's grace]
 60188 | Pan      | Gained mutation: You have acidic saliva. [Jiyva's grace]
 60188 | Pan      | Gained mutation: Your translucent skin reduces your foes'
                  | accuracy. (Stealth+) [Jiyva's grace]
 60188 | Pan      | Gained mutation: Your transparent skin significantly
                  | reduces your foes' accuracy. (Stealth+) [Jiyva's grace]
 60188 | Pan      | Lost mutation: You are very weak. (Str -4) [Jiyva's grace]
 60255 | Pan      | Gained mutation: Your body sometimes deteriorates upon
                  | taking damage. [a cacodemon]
 60639 | Pan      | Found a runed translucent door.
 61015 | Pan      | Gained mutation: You are very frail. (-20% HP) [a neqoxec]
 61211 | Pan      | Noticed Voseo the pandemonium lord
 61231 | Pan      | Killed Voseo the pandemonium lord
 61550 | Pan      | Noticed Qyniveja the pandemonium lord
 61645 | Depths:3 | Escaped Pandemonium
 61965 | Zot:5    | Got the Orb of Zot
 62813 | D:$      | Escaped with the Orb!

Illustrated notes

Levels and vault maps discovered:
D:1:      noname_arrival_rooms_in_the_neighbourhood, layout_loops_corners,
          shapermc_ecumenical_altar_rom_forum, minmay_hexomino_u4
D:2:      minmay_evil_eye, layout_basic, uniq_sigmund, uniq_jessica, uniq_robin
D:3:      layout_basic, nicolae_vehumet_radiance, bloody_makhleb
D:4:      layout_basic, minmay_temple_entry_statues_fountains, serial_shops,
          shop
D:5:      layout_basic, mainiacjoe_overflow_chevrons, grunt_decor_mini_mirrors,
          chequers_serial_rivers_micro_a, minmay_shop_mass, minmay_manual_mares
D:6:      layout_loops_ring, okawaru_ov_weapons_minmay, supply_closet_lemuel
D:7:      layout_loops_ring, serial_rivers, chequers_serial_rivers_small_a,
          chequers_serial_rivers_large_b, chequers_serial_rivers_room_a,
          chequers_serial_rivers_micro_d, chequers_serial_rivers_small_3,
          roderic_batcave, grunt_ministairs_13, hellmonk_bongcloud_opening
D:8:      layout_rooms, fedhas_bush_and_centaur_altar, hex_large, wad_dig_loot,
          uniq_erica
D:9:      minmay_the_grid_triangle_9x9_recursive_2
          [minmay_the_grid_triangle_9x9_prize_insulated,
          minmay_the_grid_triangle_9x9_swiss_cheese,
          minmay_the_grid_triangle_9x9_longest,
          minmay_the_grid_triangle_9x9_from_above], layout_loops_ring,
          mainiacjoe_overflow_alcove_4, serial_shops, shop,
          grunt_decor_arrowhead, st_stairs_1, uniq_psyche
D:10:     layout_grid_maze, zombieorc1_lemuel
D:11:     layout_long_grid, erik_lair_orcish_takeover,
          nicolae_kikubaaqudgha_miasma_corner
D:12:     layout_roguey, serial_park_tiny_2
D:13:     layout_stronghold, erik_vaults_1
D:14:     layout_loops_ring, skrybe_limestone_x, hex_medium
D:15:     hangedman_depths_entry_civil_slaughter, layout_basic, serial_ice,
          serial_ice_k, serial_ice_o, serial_ice_d, serial_ice_e,
          ashenzari_conservatory_becter
Temple:   eino_temple_rhombus
Lair:1:   layout_cave_pods, uniq_sonja
Lair:2:   layout_cellular_growth
Lair:3:   layout_misc_corridors, skrybe_swamp_entry_bodies, lemuel_fruit_fields,
          uniq_urug
Lair:4:   layout_loops_ring, minmay_snake_entry_guardpost_small,
          nicolae_volcano_entry_vermiform, uniq_kirke, uniq_nessos
Lair:5:   layout_concentric_octagons, nicolae_lair_lil_pond
Lair:6:   cheibrodos_lair_end_hotspot, layout_hall_layers, slime_altar_1,
          gauntlet_entry_generic, basic_altar, st_stairs_8
Swamp:1:  layout_falls_marsh, hangedman_swamp_pad, infiniplex_staircase_pool
Swamp:2:  layout_falls_marsh, gammafunk_ghost_hydra_chop,
          evilmike_swamp_ruin_house_3, uniq_louise
Swamp:3:  layout_basic_swamp, hangedman_swamp_ruin_wall,
          nicolae_swamp_orc_logging_accident, swamp_pool4, uniq_mlioglotl
Swamp:4:  swamp_basic_johnstein, layout_basic_swamp, infiniplex_staircase_pool_2
Snake:1:  layout_honeycomb, serial_shops, shop_fountains,
          nicolae_snake_salamander_fort, serial_bayou_shore_b
Snake:2:  layout_chambers
Snake:3:  layout_rooms, nicolae_snake_lava_pool, serial_bayou_shore_a,
          grunt_megastairs_2, uniq_mara, uniq_vashnia, uniq_bai_suzhen
Snake:4:  grunt_snake_rune_spirals, layout_onion_interference, st_stairs_7,
          hangedman_snake_corridor_cut, uniq_aizul, uniq_nikola, uniq_asterion
Slime:1:  layout_caves
Slime:2:  layout_caves
Slime:3:  layout_caves
Slime:4:  layout_caves
Slime:5
Orc:1:    layout_caves, mines3_lemuel
Orc:2:    st_orc_pillars, layout_diamond_mine, serial_shops, nicolae_square_shop
Elf:1:    layout_gridlike, minmay_elf_demonology, minivault_20,
          serial_nicolae_subway, nicolae_sub_station_crystal,
          nicolae_sub_station_metal, nicolae_sub_station_stone,
          grunt_megastairs_1, uniq_frances
Elf:2:    nicolae_elf_blades_crystal_corner, layout_geoelf_octagon,
          serial_shops, shop, lemuel_flamethrower_3, uniq_agnes
Elf:3:    minmay_elf_hall_spiked, layout_loops_corners, basic_altar,
          serial_shops, nicolae_shop_hallway_stairs, grunt_megastairs_5
Vaults:1: nicolae_vaults_diagonal_hallway_7, vaults_dpeg_spiral, v_rooms_3,
          nicolae_vaults_network_periphery, v_misc_11, v_misc_5,
          not_door_vault_due, vaults_mumra_minichess_inversion,
          nicolae_vaults_little_squares_4, layout_vaults_omnicross,
          serial_shops, shop_statue
Vaults:2: ebering_ghost_rock_garden, nicolae_vaults_gold_heap, v_misc_15,
          hangedman_vaults_capsules, v_misc_19, nicolae_vaults_asterisk,
          nicolae_vaults_alarming, ontoclasm_vaults_chip,
          layout_vaults_big_room, serial_shops, nicolae_lakefront_shop
Vaults:3: serial_ice_g, ontoclasm_vaults_idyll, v_alt_pattern_4,
          vaults_room_glass_cross, vaults_dpeg_cross, ontoclasm_vaults_chip,
          nicolae_vaults_twisting_passages, nicolae_vaults_yaktaur_gun_rack,
          minmay_crypt_entry_simple_sparse, vaults_room_door_hall, v_misc_27,
          ontoclasm_vaults_ligature, nicolae_vaults_diagonal_hallway_6,
          v_misc_16, layout_vaults_ring
Vaults:4: grunt_vaults_bifocal, nicolae_vaults_little_squares_2, v_misc_22,
          nicolae_vaults_mini_display_case, v_alt_pattern_6,
          nicolae_vaults_little_squares_4, vaults_room_corners,
          vaults_room_semicircle, layout_vaults_quadrants, serial_shops, shop,
          shop, shop_statue, nicolae_trove_entry_free_sample
Vaults:5
Crypt:1:  layout_gridlike, basic_altar, corexii_hall_statues_u, uniq_margery
Crypt:2:  layout_gridlike, lemuel_upstairs_altar, grunt_megastairs_3,
          uniq_frederick
Crypt:3:  church_of_pain_bobbens, layout_chaotic_city,
          nicolae_tomb_entry_unfolded_pyramid_diagonal,
          serial_sigils_hangedman_writhe, uniq_jory, uniq_xtahua
Depths:1: layout_cave_pools, enter_ziggurat_f, hell_entry,
          rand_demon_pan_entry_8, tgw_trog, firewood_loft, minmay_shoptagon,
          serial_bayou_shore_b
Depths:2: kennysheep_four_of_diamonds, layout_cave_pools, pan_entry, hell_entry,
          minmay_staircase_statues
Depths:3: kennysheep_windowed_halls, layout_cave_pools, rand_demon_pan_entry_7,
          hell_entry, abyss_entry
Depths:4: hangedman_slaughterboxes, abyss_entry, hell_entry
Zot:1:    layout_misc_corridors, gammafunk_ghost_cemetery, lemuel_lake_of_fire
Zot:2:    layout_gridlike, hangedman_zot_diagonal_lockstep,
          st_large_dragon_hoard_3
Zot:3:    layout_misc_corridors
Zot:4:    layout_onion_interference, skrybe_zot_glass_3, uniq_tiamat
Zot:5:    layout_gridlike, gammafunk_ghost_ooze

Skill      XL: |  1  2  3  4  5  6  7  8  9 10 11 12 13 14 15 16 17 18 19 20 21 22 23 24 25 26 27 |
---------------+----------------------------------------------------------------------------------+-----
Fighting       | 3 6 8 9 11 12 13 14 15 16 17 18 19 20 21 25 | 25.2
Axes           | 3 4 6 9 11 12 13 15 16 24 | 24.1
Armour         | 4 7 9 11 13 14 15 17 18 19 20 21 22 24 25 27 | 27.0
Shields        | 4 7 9 11 13 14 15 17 18 19 20 21 22 24 25 27 | 27.0
Staves         | 1 6 9 11 | 11.7
Dodging        | 1 5 7 10 11 13 14 15 16 17 18 19 20 21 22 23 24 25 26 27 | 27.0

Action                   |  1- 3 |  4- 6 |  7- 9 | 10-12 | 13-15 | 16-18 | 19-21 | 22-24 | 25-27 || total
-------------------------+-------+-------+-------+-------+-------+-------+-------+-------+-------++-------
Melee: War axe           |    37 |   132 |   269 |   646 |  1472 |  1585 |   867 |  2291 |  4641 || 11940
       Unarmed           |       |     1 |       |       |       |       |       |       |       ||     1
       Bite              |       |       |    38 |    88 |   255 |   384 |    67 |       |   441 ||  1273
       Scimitar          |       |       |       |    10 |    36 |     6 |       |       |       ||    52
       Pseudopods        |       |       |       |       |   423 |   642 |    51 |       |       ||  1116
       Flail             |       |       |       |       |    14 |    42 |       |       |       ||    56
       Battleaxe         |       |       |       |       |       |    41 |       |       |       ||    41
       Spear             |       |       |       |       |       |   384 |    33 |       |       ||   417
       Broad axe         |       |       |       |       |       |    61 |   379 |       |       ||   440
       Demon blade       |       |       |       |       |       |       |       |       |     6 ||     6
Invok: Oozemancy         |       |       |     1 |     3 |     6 |    15 |     4 |     4 |    16 ||    49
       Slimify           |       |       |       |       |       |       |       |       |     1 ||     1
 Abil: Heal Wounds       |       |       |       |     2 |     3 |    25 |     2 |    11 |    24 ||    67
Evoke: Wand              |       |       |       |       |       |       |       |       |     2 ||     2
  Use: Scroll            |       |       |       |    10 |    15 |     7 |     9 |     5 |     8 ||    54
       Potion            |       |       |       |       |       |     3 |     3 |       |    15 ||    21
 Stab: Distracted        |       |       |       |     1 |       |       |       |       |     4 ||     5
       Invisible         |       |       |       |       |       |    57 |    29 |    52 |    70 ||   208
       Confused          |       |       |       |       |       |    40 |    25 |     2 |     2 ||    69
       Petrified         |       |       |       |       |       |       |       |       |     3 ||     3
Armor: Scale mail        |    11 |    44 |    14 |   296 |   270 |       |       |       |       ||   635
       Plate armour      |       |    19 |   146 |       |   117 |   655 |   181 |   727 |  1015 ||  2860
Dodge: Dodged            |    25 |    46 |    80 |   499 |  1152 |  1806 |   492 |  1193 |  2194 ||  7487
Block: Buckler           |     7 |    24 |    65 |   167 |   738 |   546 |       |       |       ||  1547
       Kite shield       |       |       |       |       |       |  1181 |  1350 |  3014 |  4702 || 10247
       Reflection        |       |       |       |       |       |       |   113 |    52 |    96 ||   261
       Rpst.: Spear      |       |       |       |       |       |    31 |     2 |       |       ||    33
       Broad axe         |       |       |       |       |       |    10 |    28 |       |       ||    38
       Scimitar          |       |       |       |       |       |     2 |       |       |       ||     2
       War axe           |       |       |       |       |       |       |    50 |   159 |   256 ||   465
       Demon blade       |       |       |       |       |       |       |       |       |     1 ||     1
